Cogmind - Beta 10.2 @@@ ROGUE MODE // 2022.02.28 @ 23:25:51 // Winter2019/RPGLIKE Player: Xeram Result: Destroyed 0B10! Performance ------------- Evolutions (9) 4500 Regions Visited (30) 6000 Robots Destroyed (713) 3565 Value Destroyed (39564) 39564 Prototype IDs (94) 1880 Alien Tech Used (13) 2600 Bonus (73076) 73076 TOTAL SCORE: 131185 Bonus ------- Triggered High Security 1000 Triggered Max Security 1000 High Alert Combat Kills 25145 Follower Combat Kills 4950 Network Hubs Disabled 400 Aligned with FarCom 300 Met Zhirov 300 Built Enhanced Grunts 300 Used Core Reset Matrix 3000 Hacked Protovariant 500 Scanned by Researcher 1000 Pursued by Intercept 500 Met Sigix 2000 Activated Exoskeleton 3000 Escaped with Exo-Sigix 10000 Destroyed MAIN.C Guards 500 Met MAIN.C 5000 Destroyed MAIN.C Shell 5000 Destroyed MAIN.C 10000 Win 3000 Friendly Fire -3819 Cogmind --------- Core Integrity 1519/2000 Matter 650/950 Energy 1630/1650 System Corruption 0% Temperature Cool (20) Movement Hovering (44) Location Tau Ceti IV Orbit Parts ------- > --- POWER (2) -------- Quantum Reactor Improved Quantum Reactor > --- PROPULSION (5) --- Combat Linear Gravjet Combat Linear Gravjet Combat Linear Gravjet Combat Linear Gravjet Combat Linear Gravjet > --- UTILITY (11) ----- Experimental Energy Well Experimental Matter Compressor Advanced Visual Processing Unit Experimental Signal Interpreter Experimental Targeting Computer Advanced Core Analyzer Advanced Particle Charger Advanced Weapon Cycler Experimental Powered Armor AEGIS Remote Shield Ghost Barrier > --- WEAPON (5) ------- Sigix Quantum Sheargun Sigix Quantum Sheargun Null Cannon Null Cannon Fusion Bomb Launcher > --- INVENTORY (4) ---- Protomatter-66 Improved Recalibrator Transdimensional Reconstructor Fusion Bomb Launcher Peak State ------------ > --- POWER ------------ Heavy Antimatter Reactor Quantum Reactor > --- PROPULSION ------- Combat Linear Gravjet Combat Linear Gravjet Combat Linear Gravjet Combat Linear Gravjet Combat Linear Gravjet > --- UTILITY ---------- Experimental Energy Well Experimental Signal Interpreter Experimental Targeting Computer Advanced Core Analyzer Advanced Particle Charger Advanced Weapon Cycler Advanced Powered Armor AEGIS Remote Shield Ghost Barrier Matter Drive > --- WEAPON ----------- Null Cannon Null Cannon Core Cannon > --- INVENTORY -------- Transdimensional Reconstructor Fusion Bomb Launcher Sigix Containment Pod [Rating: 219] Favorites ----------- Power Quantum Reactor Engine Light Ion Engine Power Core Light Nuclear Core Reactor Quantum Reactor Propulsion Combat Linear Gravjet Treads Light Treads Hover Unit Combat Linear Gravjet Flight Unit Improved Flight Unit Utility Advanced Powered Armor Device Advanced Terrain Scanner Storage Superbattery Processor Advanced Signal Interpreter Hackware Ghost Barrier Protection Advanced Powered Armor Artifact Matter Drive Weapon Advanced Variable Charge Gun Energy Gun Advanced Variable Charge Gun Energy Cannon Null Cannon Ballistic Gun Assault Rifle Ballistic Cannon Bore Cannon Launcher Fusion Bomb Launcher Special Weapon Field Lobotomy Kit Build | -11 -10 -10 -9 -9 -9 -8 -8 -7 -6 -6 -6 -6 -6 -5 -5 -5 -4 -4 -4 -4 -4 -4 -3 -3 -3 -2 -2 -2 -1 -1 ------- Run | Scr Mat Min Mat Min Exi Min Mat Fac Fac Ext Cet Arc Hub Fac Was Fac Fac Was Fac Upp Upp Zhi Pro Res Tes Res Qua Sec Acc Com Slots Evolved 19 | 3 . . 1 . . . 2 2 2 1 1 . . 1 . 1 1 . . . . . 1 . 1 . 1 . 1 . Power 1 | . . . . . . . . . . . 1 . . . . . . . . . . . . . . . . . . . Propulsion 4 | 1 . . . . . . 1 . 1 . . . . . . 1 . . . . . . . . . . . . . . Utility 10 | 1 . . 1 . . . . 2 . 1 . . . 1 . . 1 . . . . . 1 . 1 . 1 . . . Weapon 4 | 1 . . . . . . 1 . 1 . . . . . . . . . . . . . . . . . . . 1 . Parts Attached 251 | 5 6 3 12 4 . 1 1 22 4 6 10 . . 11 6 4 4 2 29 2 2 3 . 23 28 7 12 25 10 9 Power 19 | 1 1 . . 1 . 1 . 1 . 1 1 . . 2 . . . . 3 . 1 1 . . 2 . 2 1 . . Engine 3 | 1 . . . 1 . 1 . . . . . . . . . . . . . . . . . . . . . . . . Core 4 | . 1 . . . . . . 1 . 1 . . . . . . . . . . 1 . . . . . . . . . Reactor 12 | . . . . . . . . . . . 1 . . 2 . . . . 3 . . 1 . . 2 . 2 1 . . Propulsion 32 | 2 . . 2 . . . . 7 4 . . . . 4 . 2 . 1 6 . 1 . . . . 2 . 1 . . Treads 2 | 2 . . . . . . . . . . . . . . . . . . . . . . . . . . . . . . Leg . | . . . . . . . . . . . . . . . . . . . . . . . . . . . . . . . Wheel . | . . . . . . . . . . . . . . . . . . . . . . . . . . . . . . . Hover 28 | . . . . . . . . 7 4 . . . . 4 . 2 . 1 6 . 1 . . . . 2 . 1 . . Flight 2 | . . . 2 . . . . . . . . . . . . . . . . . . . . . . . . . . . Utility 109 | . 5 . 2 3 . . 1 6 . 2 4 . . 5 3 2 2 . 6 . . 2 . 10 15 3 5 20 9 4 Device 67 | . 1 . . 3 . . 1 2 . 2 2 . . 5 2 1 1 . 3 . . 1 . 5 11 3 4 14 5 1 Storage 10 | . . . . . . . . 2 . . . . . . . . . . . . . . . 3 1 . . . 2 2 Processor 12 | . 3 . 1 . . . . 2 . . . . . . . 1 . . 1 . . . . 2 . . . . 2 . Hackware 2 | . . . 1 . . . . . . . . . . . . . . . . . . . . . 1 . . . . . Protection 14 | . 1 . . . . . . . . . 2 . . . 1 . 1 . 2 . . 1 . . 2 . . 3 . 1 Artifact 4 | . . . . . . . . . . . . . . . . . . . . . . . . . . . 1 3 . . Weapon 91 | 2 . 3 8 . . . . 8 . 3 5 . . . 3 . 2 1 14 2 . . . 13 11 2 5 3 1 5 Energy Gun 45 | . . 1 3 . . . . 6 . . 3 . . . . . 1 1 10 2 . . . 7 7 . . 2 . 2 Energy Cannon 12 | . . . 2 . . . . . . 2 . . . . . . 1 . . . . . . . 2 1 4 . . . Ballistic Gun 7 | 2 . 1 1 . . . . 1 . . 1 . . . . . . . . . . . . . . . . . . 1 Ballistic Cannon 3 | . . . . . . . . . . . . . . . 3 . . . . . . . . . . . . . . . Launcher 23 | . . 1 2 . . . . 1 . . 1 . . . . . . . 4 . . . . 6 2 1 1 1 1 2 Special Weapon 1 | . . . . . . . . . . 1 . . . . . . . . . . . . . . . . . . . . Impact Weapon . | . . . . . . . . . . . . . . . . . . . . . . . . . . . . . . . Slashing Weapon . | . . . . . . . . . . . . . . . . . . . . . . . . . . . . . . . Piercing Weapon . | . . . . . . . . . . . . . . . . . . . . . . . . . . . . . . . Special Melee Weapon . | . . . . . . . . . . . . . . . . . . . . . . . . . . . . . . . Unidentified Prototypes 37 | . . . 1 1 . . . . 1 . 4 . . . . . . . 4 . . 3 . 4 11 1 1 2 2 2 Parts Lost 3 | . . . . 1 . . . 1 . . . . . . . . . . . . . . . . . . . 1 . . Power 1 | . . . . 1 . . . . . . . . . . . . . . . . . . . . . . . . . . Propulsion . | . . . . . . . . . . . . . . . . . . . . . . . . . . . . . . . Utility 1 | . . . . . . . . . . . . . . . . . . . . . . . . . . . . 1 . . Weapon 1 | . . . . . . . . 1 . . . . . . . . . . . . . . . . . . . . . . Highest Loss Streak 1 | . . . . 1 . . . 1 . . . . . . . . . . . . . . . . . . . 1 . . Average Slot Usage (%) 95 | . 95 100 98 89 100 100 90 93 92 85 85 87 87 92 97 99 100 100 99 99 98 94 90 94 99 100 93 91 95 99 Engine 1 | . 6 . . 2 12 12 11 2 . . . . . . . . . . . . . . . . . . . . . . Core 2 | . 7 14 12 8 . . . 6 7 6 1 . . . . . . . . . . 1 . . . . . . . . Reactor 6 | . . . . . . . . . . . 4 6 6 8 11 11 10 10 10 10 9 8 10 10 9 9 9 9 8 8 Treads 4 | . 28 28 15 . . . . . . . . . . . . . . . . . . . . . . . . . . . Hover 18 | . . . . . . . . 21 23 20 18 18 18 22 23 25 26 26 25 26 26 26 25 25 23 23 22 22 21 21 Flight 1 | . . . 10 25 25 25 22 4 . . . . . . . . . . . . . . . . . . . . . . Device 11 | . 3 . . 2 12 12 11 10 15 17 13 12 12 14 16 11 14 15 13 15 15 15 15 15 19 19 15 12 12 13 Storage 4 | . . . . . . . . 9 7 6 6 6 6 5 5 5 5 5 5 5 4 . . 4 4 4 4 4 5 7 Processor 15 | . 18 28 25 25 25 25 22 13 15 13 12 12 12 11 11 11 10 10 13 15 15 15 15 15 14 14 13 13 15 17 Hackware 1 | . . . 9 . . . . . . . . . . . . . . . . . . . . . 3 4 4 4 4 4 Protection 3 | . 1 . . . . . . . . . 4 6 6 5 5 11 10 10 7 5 5 5 5 5 4 4 4 3 4 4 Energy Gun 9 | . . 10 10 . . . . 12 15 . 14 18 18 17 10 5 6 14 19 20 21 21 20 17 11 6 . 1 4 5 Energy Cannon 5 | . . . 8 25 25 25 22 7 . 12 2 . . . . . 1 5 . . . . . . 6 9 12 11 8 8 Ballistic Gun 3 | . 28 16 5 . . . . 1 . . . . . . . . . . . . . . . . . . . . . . Ballistic Cannon 1 | . . . . . . . . . . . . . . . 9 16 11 1 . . . . . . . . . . . . Launcher 1 | . . . . . . . . 2 7 6 5 6 6 2 . . . . . . . . . 1 . 1 1 1 4 6 Naked Turns . | . . . . . . . . . . . . . . . . . . . . . . . . . . . . . . . Heaviest Build 134 | 8 10 11 17 17 16 16 16 30 30 50 60 58 58 79 106 106 107 105 104 101 101 95 95 107 119 124 125 131 134 134 Greatest Support 170 | 40 40 45 45 17 17 17 17 38 59 59 59 59 59 78 78 95 95 110 170 170 170 170 170 170 170 170 170 170 170 170 Greatest Overweight (x) 1 | . . . . . . . . 1 1 . 1 . . 1 1 1 1 1 . . . . . . . . . 1 . . Average Overweight (x) . | . . . . . . . . . . . . . . . . 1 . . . . . . . . . . . . . . Largest Inventory Capacity 4 | . . 1 2 2 2 2 2 2 2 2 3 3 3 3 3 3 3 3 3 3 3 3 3 3 3 4 4 4 4 4 Average Capacity 2 | . . . 1 2 2 2 2 2 2 2 2 3 3 3 3 3 3 3 3 3 3 3 3 3 3 3 4 4 4 4 Most Carried 4 | . . 1 2 2 2 2 2 2 2 2 3 3 3 3 3 3 3 3 3 3 3 3 3 3 3 4 4 4 4 4 Average Carried 2 | . . . 1 1 1 2 2 1 1 1 2 3 3 2 2 3 2 2 2 3 3 2 3 2 2 3 3 3 3 3 Final Capacity 4 | . . 1 2 2 2 2 2 2 2 2 3 3 3 3 3 3 3 3 3 3 3 3 3 3 3 4 4 4 4 4 Final Carried 4 | . . 1 1 2 2 2 2 1 2 2 3 3 3 3 3 3 2 3 3 3 3 3 3 3 3 4 4 3 3 4 Class Distribution -------------------- 27% | Hacker-Scout 17% | Scavenger-Scout 15% | Mutant 6% | Hacker-Mutant 4% | Alien-Scout 4% | Scavenger-Gunner 4% | Alien-Mutant 3% | Machinist-Skirmisher 3% | Hacker-Gunner 3% | Sprinter Dominant Class ---------------- Mutant | -10/Materials Mutant | -10/Mines Mutant | -9/Materials Sprinter | -9/Mines Scout | -9/Exiles Scout | -8/Mines Hacker-Scout | -8/Materials Hacker-Scout | -7/Factory Hacker-Scout | -6/Factory Hacker-Scout | -6/Extension Scavenger-Scout | -6/Cetus Scavenger-Scout | -6/Archives Scavenger-Scout | -6/Hub_04(d) Scavenger-Scout | -5/Factory Scavenger-Gunner | -5/Waste Machinist-Skirmisher | -5/Factory Machinist-Skirmisher | -4/Factory Scavenger-Scout | -4/Waste Scavenger-Scout | -4/Factory Hacker-Scout | -4/Upper Caves Hacker-Scout | -4/Upper Caves Hacker-Scout | -4/Zhirov Hacker-Scout | -3/Proximity Caves Hacker-Scout | -3/Research Hacker-Scout | -3/Testing Hacker-Scout | -2/Research Hacker-Mutant | -2/Quarantine Alien-Mutant | -2/Section 7 Alien-Scout | -1/Access Alien-Scout | -1/Command Resources | -11 -10 -10 -9 -9 -9 -8 -8 -7 -6 -6 -6 -6 -6 -5 -5 -5 -4 -4 -4 -4 -4 -4 -3 -3 -3 -2 -2 -2 -1 -1 ----------- Run | Scr Mat Min Mat Min Exi Min Mat Fac Fac Ext Cet Arc Hub Fac Was Fac Fac Was Fac Upp Upp Zhi Pro Res Tes Res Qua Sec Acc Com Matter Collected 7407 | 211 259 57 341 40 . . 20 363 35 70 115 . 42 126 71 162 168 93 516 105 30 . 59 580 457 233 485 791 1404 574 Remotely . | . . . . . . . . . . . . . . . . . . . . . . . . . . . . . . . Salvage Created 27127 | . 346 55 1554 74 . 295 96 1288 277 416 213 99 1477 1156 812 150 177 . 3071 423 334 . 139 2092 573 788 1124 3894 5385 819 Parts 1091 | . 17 6 102 12 . 18 8 69 8 14 11 2 50 46 21 11 8 . 155 19 22 . 7 93 24 45 35 79 181 28 Haulers Intercepted 21 | . 2 . 5 . . . . 4 1 . . . 1 . . . . . 3 . . . . 2 . 1 . . 2 . Recyclers Shooed 9 | . 2 . . . . 1 . . . 1 . . . 1 . . . . 1 . . . . 2 . . . . 1 . Parts Field Recycled . | . . . . . . . . . . . . . . . . . . . . . . . . . . . . . . . Retrieved Matter . | . . . . . . . . . . . . . . . . . . . . . . . . . . . . . . . Parts Self-Destructed 44 | . . . . . . . . . . . . . . . . . . . . 19 18 . 7 . . . . . . . Prevented . | . . . . . . . . . . . . . . . . . . . . . . . . . . . . . . . Kills | -11 -10 -10 -9 -9 -9 -8 -8 -7 -6 -6 -6 -6 -6 -5 -5 -5 -4 -4 -4 -4 -4 -4 -3 -3 -3 -2 -2 -2 -1 -1 ------- Run | Scr Mat Min Mat Min Exi Min Mat Fac Fac Ext Cet Arc Hub Fac Was Fac Fac Was Fac Upp Upp Zhi Pro Res Tes Res Qua Sec Acc Com Combat Hostiles Destroyed 525 | . 7 . 38 3 . 7 5 23 . 6 2 1 9 11 5 3 5 . 50 6 9 . 4 34 8 22 32 77 140 18 Melee 1 | . . . . . . . . . . . . . . . . . . . 1 . . . . . . . . . . . Guns 144 | . 7 . 13 . . . . 7 . . 1 1 3 11 5 . 3 . 42 6 8 . 4 20 2 2 . . 8 1 Cannons 185 | . . . 19 3 . 7 5 5 . 6 1 . . . . 3 . . . . . . . . 3 8 21 54 39 11 AOE 186 | . . . 6 . . . . 10 . . . . 5 . . . 2 . 4 . . . . 13 3 11 11 22 93 6 Classes Destroyed 29 | . 4 1 5 . . 2 . 3 . . . . . . 1 . . . 2 1 1 . . . 3 1 1 3 1 . Worker 36 | . 3 1 1 . . . . . 1 . . . 4 1 . 1 1 . . . . . . 6 2 4 1 1 8 1 Builder 24 | . . . 3 1 . . . . . . . . . 2 . . . . . . . . . 9 . 2 . 2 5 . Tunneler 9 | . . 2 2 1 . 1 . . . . . . . . . . . . . . . . . . . 1 . . 2 . Hauler 21 | . 2 . 5 . . . . 4 1 . . . 1 . . . . . 3 . . . . 2 . 1 . . 2 . Recycler 19 | . . . . . . 1 . . 1 2 . . 2 2 . . . . 4 . . . . 3 . 1 1 . 2 . Carrier 3 | . . . . . . . . . . . . . . . . . . . . . . . . . . . . 1 2 . Mechanic 15 | . . . 1 . . . . . . . . . . . . . . . . . . . . . . . 1 6 7 . Operator 19 | . 1 . 4 . . . . 3 . 2 . . . 2 . . . . . . . . . . 2 1 3 . . 1 Drone 4 | . . . . . . . . . . . . . . . . . . . . . . . . . . 4 . . . . Watcher 22 | . . . 2 . . . . . . 1 1 . . 2 . 1 . . 2 . . . . 4 2 1 1 1 3 1 Swarmer 77 | . . . 17 3 . 3 4 14 . . . . 3 . . . 2 . 2 . 1 . 4 9 . 6 . . 9 . Saboteur 7 | . . . . . . . . . . . . . . . . . . . 1 . . . . . . . 1 . 5 . Grunt 182 | . 7 . 13 . . 3 . . . 2 1 . 4 6 . 2 . . 22 3 4 . . 9 3 6 15 24 53 5 Brawler 23 | . . . . . . . . 1 . . . . . 1 . . . . 4 1 . . . . . . 2 4 10 . Duelist 21 | . . . . . . . . 1 . . . . . . . . . . 2 . . . . . . 1 7 5 5 . Protector 11 | . . . . . . . . . . . . . . . . . . . 2 . . . . . . . 2 . 6 1 Researcher 11 | . . . . . . . . . . . . . . . . . . . . . . . . . 3 . . 8 . . Sentry 49 | . . . 8 . . . 1 4 . 3 . 1 2 1 . 1 1 . 5 1 2 . . 5 . 1 . 6 5 2 Specialist 4 | . . . . . . . . . . . . . . . . . . . . . . . . . 3 . 1 . . . Hunter 49 | . . . . . . 1 . . . . . . . 1 . . 2 . 2 . . . . 6 . 2 . 16 16 3 Programmer 49 | . . . . . . . . 3 . 1 . . . 2 . . . . 10 . . . . 4 . 2 3 5 15 4 Behemoth 6 | . . . . . . . . . . . . . . . . . . . . 1 . . . 1 . . . 2 2 . Compactor 5 | . . . . . . . . . . . . . . . 5 . . . . . . . . . . . . . . . Cetus Guard 1 | . . . . . . . . . . . 1 . . . . . . . . . . . . . . . . . . . S7 Guard 3 | . . . . . . . . . . . . . . . . . . . . . . . . . . . . 3 . . M Guard 1 | . . . . . . . . . . . . . . . . . . . . . . . . . . . . . . 1 Enhanced Grunt 3 | . . . . . . . . . . . . . 3 . . . . . . . . . . . . . . . . . Tracker 5 | . . . . . . . . . . . . . . . . . . . . . . . . . . . . 5 . . Combat Programmer 6 | . . . . . . . . . . . . . . . . . . . . . . . . . . . . 5 . 1 Investigator 4 | . . . . . . . . . . . . . . . . . . . . . . . . . . . . 1 3 . Striker 9 | . . . . . . . . . . . . . . . . . . . . . . . . . 2 . . . 7 . Executioner 8 | . . . . . . . . . . . . . . . . . . . . . . . . . . . . . 7 1 Alpha 7 2 | . . . . . . . . . . . . . . . . . . . . . . . . . . . . 2 . . Fortress 1 | . . . . . . . . . . . . . . . . . . . . . . . . . . . 1 . . . Master Thief 2 | . . . . . . . . . . . . . . . . . . . . . 2 . . . . . . . . . Assembled 1 | . . . . . . . . . . . . . . . . . . . . . . . . . . . . 1 . . Thug 1 | . . . . . . . . . . . . . 1 . . . . . . . . . . . . . . . . . Savage 2 | . . . . . . . . . . . . . 2 . . . . . . . . . . . . . . . . . Butcher 1 | . . . . . . . . . . . . . 1 . . . . . . . . . . . . . . . . . Guerrilla 2 | . . . . . . . . . . . . . 2 . . . . . . . . . . . . . . . . . Best Kill Streak 52 | . 5 2 16 4 . 5 4 8 3 3 2 1 12 4 3 2 2 . 8 4 6 . 4 23 8 14 22 25 52 6 Combat Bots Only 41 | . 4 . 7 3 . 4 4 4 . 1 1 1 8 4 3 2 2 . 8 4 6 . 4 12 3 10 13 21 41 6 Max Kills in Single Turn 11 | . 1 1 3 2 . 2 1 4 1 1 1 1 11 2 1 2 2 . 2 1 2 . 2 7 2 5 4 4 5 3 Gunslinging 1 | . . . . . . . . . . . . . . . . . . . 1 . 1 . 1 1 . . . . . . Exploded 5 | . . . 3 . . . . 4 . . . . 2 . . . 2 . 1 . . . . 5 2 3 3 3 5 3 Melee 1 | . . . . . . . . . . . . . . . . . . . 1 . . . . . . . . . . . Uniques/NPCs Destroyed 2 | . . . . . . . . . . . . . . . . . . . . . . . . . . . . . . 2 MAIN.C Shell (-1/Command) MAIN.C (-1/Command) Combat | -11 -10 -10 -9 -9 -9 -8 -8 -7 -6 -6 -6 -6 -6 -5 -5 -5 -4 -4 -4 -4 -4 -4 -3 -3 -3 -2 -2 -2 -1 -1 -------- Run | Scr Mat Min Mat Min Exi Min Mat Fac Fac Ext Cet Arc Hub Fac Was Fac Fac Was Fac Upp Upp Zhi Pro Res Tes Res Qua Sec Acc Com Damage Taken 15943 | . 649 . 1084 44 . 233 83 1000 . 470 129 61 1305 354 7 84 66 . 1674 193 182 . 229 1241 98 321 1419 1871 1838 1308 Core 11362 | . 527 . 866 34 . 184 69 794 . 368 113 35 910 273 5 45 32 . 1118 138 125 . 152 877 69 215 941 1283 1302 887 Absorbed by Shields 10256 | . . . . . . . . 168 . 177 48 23 464 246 8 86 67 . 978 202 195 . . 951 93 304 1384 1782 1829 1251 Redirected to Core 9935 | . 411 . 699 25 . 169 42 662 . 319 57 35 779 203 5 45 32 . 944 126 101 . 136 732 69 215 901 1229 1184 815 Core Remaining (%) 73 | 100 . 82 . . . 61 60 17 . . . . 39 . . 99 . . . . . . 91 . 91 . . 95 . 75 Volleys Fired 1114 | . 45 3 116 6 . 17 12 86 4 37 10 3 25 34 20 7 12 . 98 12 13 . 4 66 24 32 89 149 134 56 Largest 4 | . 2 2 2 2 . 2 2 3 2 2 4 3 3 3 3 3 3 . 4 4 4 . 4 4 4 4 3 4 4 4 Hottest 560 | . 40 70 150 150 . 150 150 165 110 180 279 240 400 240 240 171 265 . 348 356 376 . 376 376 423 423 560 412 412 460 Shots Fired 2701 | . 90 6 223 12 . 34 24 184 8 70 30 9 54 102 60 21 32 . 325 47 52 . 17 212 71 70 160 295 313 180 Gun 1459 | . 90 6 126 . . . . 138 8 . 21 9 44 102 57 . 12 . 311 47 52 . 17 192 45 15 . 12 74 81 Cannon 1061 | . . . 90 12 . 34 24 41 . 66 6 . . . 3 21 20 . . . . . . . 23 46 153 266 167 89 Launcher 178 | . . . 7 . . . . 5 . 1 3 . 10 . . . . . 14 . . . . 20 3 9 7 17 72 10 Special 3 | . . . . . . . . . . 3 . . . . . . . . . . . . . . . . . . . . Kinetic 212 | . 90 3 48 . . . . 29 . . . . . . 3 21 18 . . . . . . . . . . . . . Thermal 2008 | . . 3 152 12 . 34 24 41 . 66 27 9 44 102 57 . 14 . 311 47 52 . 17 192 68 61 153 266 167 89 Explosive 155 | . . . 7 . . . . . . . . . . . . . . . 10 . . . . 20 3 9 7 17 72 10 Electromagnetic 156 | . . . 16 . . . . 114 8 1 3 . 10 . . . . . 4 . . . . . . . . . . . Slashing 167 | . . . . . . . . . . . . . . . . . . . . . . . . . . . . 12 74 81 Robot Hit Streak 67 | . 17 8 20 5 . 28 44 25 31 15 9 10 27 23 24 4 15 . 42 49 14 . 13 21 25 31 44 31 41 67 Robot Miss Streak 5 | . 2 . 3 1 . 1 . 2 1 1 1 . 1 2 1 5 2 . 2 1 2 . 1 2 2 1 2 2 5 1 Penetration Max 1 | . . . . . . . . . . . . . . . . 1 . . . . . . . . . . 1 . 1 1 Secondary Targets 29 | . 1 . 3 . . . . . . . . . . 2 . . 1 . 8 2 4 . 3 4 . 1 . . . . Max Gunslinging Chain 1 | . 1 . 1 . . . . . . . . . . 1 . . 1 . 1 1 1 . 1 1 . 1 . . . . Shots Hit Robots 1932 | . 67 4 156 6 . 28 16 145 7 56 9 9 34 64 50 10 19 . 220 29 41 . 14 157 48 50 124 215 204 150 Core Hits 1428 | . 26 3 74 5 . 13 5 66 6 24 6 5 54 35 12 5 12 . 111 14 16 . 5 115 30 60 84 177 394 71 Critical Hits 238 | . 2 . 1 . . . . 1 . 1 1 . . . . 7 2 . . . . . . 9 9 7 46 80 44 28 Critical Kills 51 | . . . . . . . . 1 . . 1 . . . . 3 . . . . . . . 3 5 2 4 20 9 3 Critical Parts Destroyed 108 | . 2 . 1 . . . . . . 1 . . . . . 4 2 . . . . . . 4 4 5 19 34 21 11 Melee Attacks . | . . . . . . . . . . . . . . . . . . . . . . . . . . . . . . . Impact . | . . . . . . . . . . . . . . . . . . . . . . . . . . . . . . . Slashing . | . . . . . . . . . . . . . . . . . . . . . . . . . . . . . . . Piercing . | . . . . . . . . . . . . . . . . . . . . . . . . . . . . . . . Sneak Attacks . | . . . . . . . . . . . . . . . . . . . . . . . . . . . . . . . Combat Hostiles . | . . . . . . . . . . . . . . . . . . . . . . . . . . . . . . . Follow-up Attacks . | . . . . . . . . . . . . . . . . . . . . . . . . . . . . . . . Damage Inflicted 159784 | . 689 70 3630 168 . 812 420 2808 206 2015 511 281 3646 2533 2071 525 1504 . 11260 1263 1828 . 387 9622 3353 5161 14598 32779 46983 10661 Guns 36441 | . 688 70 1308 . . . . 1438 147 . 85 281 1210 2522 2040 . 377 . 9276 1263 1828 . 387 5525 1201 586 . 354 2756 3099 Cannons 66722 | . . . 1475 168 . 812 420 826 . 1958 236 . . . 31 243 226 . . . . . . . 1143 2212 10719 24405 16040 5808 Explosions 56566 | . . . 847 . . . . 544 59 57 190 . 2436 11 . 282 901 . 1984 . . . . 4097 1009 2363 3879 7966 28187 1754 Melee . | . . . . . . . . . . . . . . . . . . . . . . . . . . . . . . . Ramming 55 | . 1 . . . . . . . . . . . . . . . . . . . . . . . . . . 54 . . Kinetic 1964 | . 688 33 456 . . . . 371 . . . . . . 31 243 142 . . . . . . . . . . . . . Thermal 94911 | . . 37 2131 168 . 812 420 1054 59 1958 321 281 1274 2522 2040 . 1362 . 9355 1263 1828 . 387 5525 2344 2798 10719 24405 16040 5808 Explosive 51615 | . . . 803 . . . . . . . . . . . . 282 . . 1275 . . . . 4097 1009 2363 3879 7966 28187 1754 Electromagnetic 5030 | . . . 240 . . . . 1383 147 57 190 . 2372 11 . . . . 630 . . . . . . . . . . . Impact . | . . . . . . . . . . . . . . . . . . . . . . . . . . . . . . . Slashing 6209 | . . . . . . . . . . . . . . . . . . . . . . . . . . . . 354 2756 3099 Piercing . | . . . . . . . . . . . . . . . . . . . . . . . . . . . . . . . Highest Corruption 17 | . 2 2 . . . . . 4 . . . . 17 . . 3 . . 6 6 6 6 6 2 2 1 3 8 . . Average Corruption 3 | . 2 2 . . . . . 2 . . . . 9 . . 3 . . 3 6 6 6 6 1 2 1 2 6 . . Corruption Purged . | . . . . . . . . . . . . . . . . . . . . . . . . . . . . . . . Effects 194 | . 1 4 . . . . . 7 . . . . 7 . . 11 . . 40 11 9 3 4 9 12 . 20 56 . . Message Errors 28 | . 1 1 . . . . . . . . . . . . . 3 . . 1 2 2 1 . 1 3 . 2 11 . . Matter Fused 33 | . . . . . . . . 1 . . . . 2 . . 4 . . 7 . 1 . 1 . . . 2 15 . . Heat Flow Errors 22 | . . 1 . . . . . 2 . . . . . . . 2 . . 4 3 1 2 . 1 1 . 1 4 . . Energy Discharges 17 | . . 2 . . . . . 2 . . . . . . . . . . 4 2 . . . . 2 . 1 4 . . Parts Rejected 1 | . . . . . . . . . . . . . . . . . . . . . . . . . . . . 1 . . Data Loss (minor) 14 | . . . . . . . . . . . . . . . . 2 . . 1 1 1 . . 1 4 . 2 2 . . Data Loss (major) 6 | . . . . . . . . . . . . . 1 . . . . . 2 . 1 . 1 . . . . 1 . . Misfires 3 | . . . . . . . . . . . . . . . . . . . 1 . . . 1 . . . . 1 . . Targeting Errors 64 | . . . . . . . . 2 . . . . 3 . . . . . 19 2 3 . 1 5 2 . 10 17 . . Weapon Failures 6 | . . . . . . . . . . . . . 1 . . . . . 1 1 . . . 1 . . 2 . . . Overload Shots 1 | . . . . . . . . . . . . . 1 . . . . . . . . . . . . . . . . . Overflow Damage 8612 | . . . 131 . . 51 40 73 . 125 32 . 154 . . 57 352 . 103 . . . . 337 93 238 1610 2310 2780 126 Projectiles 5383 | . . . 36 . . 51 40 21 . 125 . . . . . . . . . . . . . . 41 187 1308 1894 1599 81 Explosions 3229 | . . . 95 . . . . 52 . . 32 . 154 . . 57 352 . 103 . . . . 337 52 51 302 416 1181 45 Melee . | . . . . . . . . . . . . . . . . . . . . . . . . . . . . . . . Knockbacks 2 | . . . . . . . . . . . . . . . . 2 . . . . . . . . . . . . . . Impact . | . . . . . . . . . . . . . . . . . . . . . . . . . . . . . . . Kinetic 2 | . . . . . . . . . . . . . . . . 2 . . . . . . . . . . . . . . Secondary . | . . . . . . . . . . . . . . . . . . . . . . . . . . . . . . . Self-Inflicted Damage 617 | . . . 49 . . . . . . 6 . . 202 . . 58 . . 60 . . . . 105 . . . 47 90 . Shots 15 | . . . 2 . . . . . . 1 . . 2 . . 1 . . 4 . . . . 1 . . . 1 3 . Rammed 2 | . 1 . . . . . . . . . . . . . . . . . . . . . . . . . . 1 . . Targets Rammed 3 | . 2 . . . . . . . . . . . . . . . . . . . . . . . . . . 1 . . Kicked . | . . . . . . . . . . . . . . . . . . . . . . . . . . . . . . . Crushed 1 | . 1 . . . . . . . . . . . . . . . . . . . . . . . . . . . . . Highest Temperature 357 | . 35 224 . . . . . 215 . 34 37 . 120 357 324 213 208 . 240 138 284 192 77 178 256 196 306 102 56 232 Average Temperature 59 | . 10 117 . . . . . 110 . 21 13 . 47 91 116 82 71 . 33 46 88 107 30 38 119 72 71 47 21 87 Received Heat Transfer 1897 | . 321 . 291 . . 66 . 84 . 119 6 12 14 41 4 12 . . 309 31 38 . . 109 4 16 132 96 160 32 Effects 1 | . . . . . . . . . . . . . . . . . . . . . . . . . . . 1 . . . Short Circuit 1 | . . . . . . . . . . . . . . . . . . . . . . . . . . . 1 . . . Siege Activations . | . . . . . . . . . . . . . . . . . . . . . . . . . . . . . . . Robots Corrupted 8 | . . . . . . . . 1 . . . . 4 . . . . . 3 . . . . . . . . . . . Combat Hostiles 4 | . . . . . . . . . . . . . 1 . . . . . 3 . . . . . . . . . . . Parts Fried 36 | . . . 2 . . . . 8 1 . 1 . 19 . . . . . 5 . . . . . . . . . . . Impact Corruptions . | . . . . . . . . . . . . . . . . . . . . . . . . . . . . . . . Robots Melted 5 | . . . . . . . . 1 . . . . . . . . . . . . 1 . . 1 . 1 . 1 . . Combat Hostiles 5 | . . . . . . . . 1 . . . . . . . . . . . . 1 . . 1 . 1 . 1 . . Parts Melted 57 | . . 1 6 . . . . . . 5 . . 2 9 . . 1 . 12 1 3 . 1 9 3 1 2 1 . . Heat Transferred 56967 | . . 111 4046 222 . 1073 555 1223 50 2035 296 333 1163 2368 1813 . 1018 . 7870 1073 1554 . 407 5328 1547 1708 4455 9223 5697 1799 Parts Sabotaged 2 | . . . . . . . . . . . . . . . . . . . 2 . . . . . . . . . . . Parts Stolen 3 | . . . . . . . . . . . . . . . . . . . . . 3 . . . . . . . . . Parts Stripped . | . . . . . . . . . . . . . . . . . . . . . . . . . . . . . . . Power Chain Reactions 7 | . . . 1 . . . . 4 1 . . . 1 . . . . . . . . . . . . . . . . . Missiles Intercepted . | . . . . . . . . . . . . . . . . . . . . . . . . . . . . . . . Alert | -11 -10 -10 -9 -9 -9 -8 -8 -7 -6 -6 -6 -6 -6 -5 -5 -5 -4 -4 -4 -4 -4 -4 -3 -3 -3 -2 -2 -2 -1 -1 ------- Run | Scr Mat Min Mat Min Exi Min Mat Fac Fac Ext Cet Arc Hub Fac Was Fac Fac Was Fac Upp Upp Zhi Pro Res Tes Res Qua Sec Acc Com Peak Influence 8273 | . 147 24 656 325 . 200 231 871 456 763 862 510 921 1141 413 950 823 218 1645 . . . . 1440 1191 1602 1609 3792 8273 5890 Initial 5294 | . . 19 3 255 . . 78 36 426 223 427 344 178 450 361 149 452 218 152 . . . . 60 810 669 788 832 2275 5294 Average 932 | . 74 14 378 274 . 125 115 516 432 414 639 476 486 826 370 549 707 218 656 . . . . 562 993 908 1163 1576 5262 5684 Maximum Alert Level 5 | . . . 2 1 . 1 1 3 2 3 3 2 3 4 2 3 3 1 5 . . . . 4 4 5 5 5 5 5 Low Security (%) 21 | 100 100 100 11 . . 92 88 29 . . . . 2 . . 10 . . 15 . . . . 35 . . . . . . Level 1 13 | . . . 39 100 . 7 11 . . 55 . 16 57 . 62 27 . 100 22 . . . . 2 . . . . . . Level 2 18 | . . . 49 . . . . 28 100 36 65 83 6 29 37 23 19 . 17 . . . . 34 . 15 . 3 . . Level 3 27 | . . . . . . . . 41 . 8 34 . 34 69 . 38 80 . 29 . . . . 11 85 59 37 31 . . Level 4 9 | . . . . . . . . . . . . . . 1 . . . . 12 . . . . 15 14 24 61 30 . . Level 5 2 | . . . . . . . . . . . . . . . . . . . 3 . . . . . . . . 9 1 61 High Security 3 | . . . . . . . . . . . . . . . . . . . . . . . . . . . . 25 . 38 Max Security 4 | . . . . . . . . . . . . . . . . . . . . . . . . . . . . . 98 . Sterilizations 1 | . . . . . . . . . . . . . . . . . . . . . . . . . . . . . 1 . Squads Dispatched 143 | . 2 . 8 . . . . 9 1 3 . . 2 3 . 9 . . 11 . . . . 6 4 4 6 33 37 5 Investigation 11 | . . . 2 . . . . 2 . 2 . . . 1 . 2 . . 1 . . . . . 1 . . . . . Extermination 15 | . . . . . . . . 2 . . . . . 2 . 1 . . 4 . . . . 2 . 1 1 2 . . Reinforcement 39 | . 2 . 6 . . . . 2 1 1 . . 2 . . 1 . . 3 . . . . 4 2 2 1 8 3 1 Assault 62 | . . . . . . . . . . . . . . . . 2 . . 3 . . . . . 1 1 4 16 31 4 Garrison 9 | . . . . . . . . 3 . . . . . . . 3 . . . . . . . . . . . . 3 . Intercept 7 | . . . . . . . . . . . . . . . . . . . . . . . . . . . . 7 . . Construction Impeded 11 | . . . 2 . . . . 1 . . . . . . . 1 . . 2 . . . . 1 . 1 . 1 2 . Haulers Reinforced 5 | . . . . . . . . . 1 . . . . . . . . . . . . . . 3 . . . . 1 . Stealth | -11 -10 -10 -9 -9 -9 -8 -8 -7 -6 -6 -6 -6 -6 -5 -5 -5 -4 -4 -4 -4 -4 -4 -3 -3 -3 -2 -2 -2 -1 -1 --------- Run | Scr Mat Min Mat Min Exi Min Mat Fac Fac Ext Cet Arc Hub Fac Was Fac Fac Was Fac Upp Upp Zhi Pro Res Tes Res Qua Sec Acc Com Distress Signals 42 | . 1 . 4 . . . . . . 2 1 . . . . 1 1 . 3 . . . . 6 1 . 1 . 4 17 Communications Jammed . | . . . . . . . . . . . . . . . . . . . . . . . . . . . . . . . Distress Signals . | . . . . . . . . . . . . . . . . . . . . . . . . . . . . . . . Times Spotted 814 | . 20 . 68 4 . 7 4 31 1 25 11 3 15 16 6 25 3 . 71 9 12 . 4 36 16 22 38 130 204 33 Peak Tracking Total 27 | . 4 . 7 4 . 3 4 5 1 5 5 2 12 4 2 6 2 . 7 9 7 . 4 10 4 8 14 27 23 11 Tactical Retreats 34 | . 2 . 6 . . . . 3 . 3 . . 2 1 . 1 2 . 2 . . . . 4 . . 2 4 1 1 Traps | -11 -10 -10 -9 -9 -9 -8 -8 -7 -6 -6 -6 -6 -6 -5 -5 -5 -4 -4 -4 -4 -4 -4 -3 -3 -3 -2 -2 -2 -1 -1 ------- Run | Scr Mat Min Mat Min Exi Min Mat Fac Fac Ext Cet Arc Hub Fac Was Fac Fac Was Fac Upp Upp Zhi Pro Res Tes Res Qua Sec Acc Com Traps Triggered 27 | . 1 . 1 . . . . 4 . 3 . . . 4 . 2 1 . 4 . . . . . 1 1 3 2 . . Indirectly 1 | . . . . . . . . . . . . . . . . . . . 1 . . . . . . . . . . . Trap Hack Attempts . | . . . . . . . . . . . . . . . . . . . . . . . . . . . . . . . Triggered . | . . . . . . . . . . . . . . . . . . . . . . . . . . . . . . . Disarmed . | . . . . . . . . . . . . . . . . . . . . . . . . . . . . . . . Reprogrammed . | . . . . . . . . . . . . . . . . . . . . . . . . . . . . . . . Reused . | . . . . . . . . . . . . . . . . . . . . . . . . . . . . . . . Traps Extracted . | . . . . . . . . . . . . . . . . . . . . . . . . . . . . . . . Installed . | . . . . . . . . . . . . . . . . . . . . . . . . . . . . . . . Triggered 3 | . . . . . . . . 1 . . . . 2 . . . . . . . . . . . . . . . . . Machines | -11 -10 -10 -9 -9 -9 -8 -8 -7 -6 -6 -6 -6 -6 -5 -5 -5 -4 -4 -4 -4 -4 -4 -3 -3 -3 -2 -2 -2 -1 -1 ---------- Run | Scr Mat Min Mat Min Exi Min Mat Fac Fac Ext Cet Arc Hub Fac Was Fac Fac Was Fac Upp Upp Zhi Pro Res Tes Res Qua Sec Acc Com Machines Disabled 93 | . . . 4 . . . 1 1 . 1 1 . 4 5 . 6 4 . 8 . . . . 2 7 3 13 22 8 3 Max in Single Turn 4 | . . . 1 . . . 1 1 . . 1 . 4 4 . 1 4 . 1 . . . . 1 2 1 1 1 1 1 Garrison Access 7 | . . . . . . . 1 . . . . . 1 . . . . . 1 . . . . 1 1 . . 1 1 . Network Hub 2 | . . . . . . . . . . . . . 2 . . . . . . . . . . . . . . . . . Machines Sabotaged . | . . . . . . . . . . . . . . . . . . . . . . . . . . . . . . . Garrisons Compromised . | . . . . . . . . . . . . . . . . . . . . . . . . . . . . . . . Overloaded Fab Kills . | . . . . . . . . . . . . . . . . . . . . . . . . . . . . . . . Fab Network Shutdowns 3 | . . . . . . . . 1 . . . . . 1 . . . . 1 . . . . . . . . . . . Hacking | -11 -10 -10 -9 -9 -9 -8 -8 -7 -6 -6 -6 -6 -6 -5 -5 -5 -4 -4 -4 -4 -4 -4 -3 -3 -3 -2 -2 -2 -1 -1 --------- Run | Scr Mat Min Mat Min Exi Min Mat Fac Fac Ext Cet Arc Hub Fac Was Fac Fac Was Fac Upp Upp Zhi Pro Res Tes Res Qua Sec Acc Com Machines Accessed 122 | . 8 . 8 . 4 . 4 12 1 12 4 1 2 5 . 4 4 . 12 1 1 6 . 8 6 1 8 8 . 2 Terminals 89 | . 7 . 7 . . . 3 9 1 12 4 . 1 3 . 2 3 . 6 . 1 . . 7 5 1 8 7 . 2 Fabricators 7 | . . . . . . . . 2 . . . . . 2 . 1 . . 2 . . . . . . . . . . . Repair Stations 2 | . . . . . . . . . . . . . . . . . . . 2 . . . . . . . . . . . Recycling Units 2 | . 1 . . . . . . 1 . . . . . . . . . . . . . . . . . . . . . . Scanalyzers 3 | . . . 1 . . . . . . . . . . . . . 1 . 1 . . . . . . . . . . . Garrison Access 7 | . . . . . . . 1 . . . . . 1 . . 1 . . 1 . . . . 1 1 . . 1 . . Total Hacks 461 | . 27 . 26 . 14 . 15 43 4 40 11 4 3 22 . 19 18 . 63 1 5 21 . 33 23 3 31 26 . 9 Successful 226 | . 9 . 19 . 14 . 8 17 2 16 4 4 1 8 . 8 7 . 33 1 5 21 . 16 11 1 11 8 . 2 Failed 235 | . 18 . 7 . . . 7 26 2 24 7 . 2 14 . 11 11 . 30 . . . . 17 12 2 20 18 . 7 Catastrophic 46 | . 2 . . . . . 2 3 1 1 1 . . 1 . 3 4 . 8 . . . . 4 3 . 4 7 . 2 Database Lockouts . | . . . . . . . . . . . . . . . . . . . . . . . . . . . . . . . Manual 103 | . 12 . 14 . 1 . 3 13 4 8 1 . 2 2 . 4 5 . 8 . . . . 7 3 . 4 11 . 1 Terminals 340 | . 25 . 24 . . . 12 32 4 40 11 . 2 13 . 11 9 . 31 . 5 . . 31 22 3 31 25 . 9 Fabricators 29 | . . . . . . . . 9 . . . . . 9 . 4 . . 7 . . . . . . . . . . . Repair Stations 13 | . . . . . . . . . . . . . . . . . . . 13 . . . . . . . . . . . Recycling Units 4 | . 2 . . . . . . 2 . . . . . . . . . . . . . . . . . . . . . . Scanalyzers 21 | . . . 2 . . . . . . . . . . . . . 9 . 10 . . . . . . . . . . . Garrison Access 14 | . . . . . . . 3 . . . . . 1 . . 4 . . 2 . . . . 2 1 . . 1 . . Terminal Hacks 163 | . 5 . 13 . 14 . 7 9 1 14 4 4 . 3 . 6 4 . 10 1 5 21 . 12 9 1 11 7 . 2 Record 42 | . . . . . 13 . . . . . 3 4 . . . 1 . . 3 . 5 9 . . . . 3 . . 1 Part Schematic 16 | . . . 1 . . . 2 1 . 2 . . . 2 . . 1 . 2 . . 4 . . 1 . . . . . Robot Analysis 8 | . 1 . 1 . . . . 1 . 1 . . . . . . . . . . . 4 . . . . . . . . Prototype ID Bank 15 | . 1 . 2 . . . 1 . . 1 . . . . . . . . 1 . . 4 . 3 2 . . . . . Open Door 12 | . . . . . . . . . . 7 1 . . . . . . . . 1 . . . . . . 1 2 . . Level Access Points 4 | . . . . . . . . . . . . . . . . . 1 . . . . . . 1 . 1 . 1 . . Branch Access Points 8 | . 1 . . . . . 1 1 . . . . . . . . 1 . 1 . . . . 1 1 . 1 . . . Machine Index 1 | . . . . . . . . . . . . . . . . . . . . . . . . 1 . . . . . . Terminal Index 5 | . . . . . . . 1 1 . 1 . . . 1 . . . . . . . . . 1 . . . . . . Alert Level 3 | . . . . . . . . . . . . . . . . 1 1 . . . . . . 1 . . . . . . Unreport Threat 15 | . 1 . 3 . . . 1 1 . 1 . . . . . 2 . . 2 . . . . . . . 2 2 . . Locate Traps 5 | . . . 1 . . . . 1 . 1 . . . . . . . . . . . . . 1 1 . . . . . Dispatch Records 1 | . . . . . . . . . . . . . . . . . . . . . . . . . . . . 1 . . Recall Investigation 2 | . . . . . . . . . 1 . . . . . . . . . . . . . . 1 . . . . . . Recall Reinforcements 5 | . . . 2 . . . . . . . . . . . . . . . . . . . . . 2 . 1 . . . Hauler Manifests 3 | . . . . . . . . 1 . . . . . . . . . . . . . . . 1 . . 1 . . . Registered Components 7 | . 1 . 1 . . . 1 1 . . . . . . . . . . 1 . . . . . 1 . 1 . . . Zone Layout 7 | . . . 2 . . . . 1 . . . . . . . 2 . . . . . . . 1 . . 1 . . . EX-Prototype ID Bank 1 | . . . . . 1 . . . . . . . . . . . . . . . . . . . . . . . . . Protovariant Controls 1 | . . . . . . . . . . . . . . . . . . . . . . . . . 1 . . . . . Activate Exoskeleton 1 | . . . . . . . . . . . . . . . . . . . . . . . . . . . . 1 . . Disengage Seal 1 | . . . . . . . . . . . . . . . . . . . . . . . . . . . . . . 1 Fabricator Hacks 14 | . . . . . . . . 3 . . . . . 4 . 2 . . 5 . . . . . . . . . . . Load Schematic 6 | . . . . . . . . 1 . . . . . 2 . 1 . . 2 . . . . . . . . . . . Build 8 | . . . . . . . . 2 . . . . . 2 . 1 . . 3 . . . . . . . . . . . Repair Station Hacks 10 | . . . . . . . . . . . . . . . . . . . 10 . . . . . . . . . . . Scan Component 5 | . . . . . . . . . . . . . . . . . . . 5 . . . . . . . . . . . Repair 5 | . . . . . . . . . . . . . . . . . . . 5 . . . . . . . . . . . Recycling Unit Hacks 1 | . 1 . . . . . . . . . . . . . . . . . . . . . . . . . . . . . Report Inventory 1 | . 1 . . . . . . . . . . . . . . . . . . . . . . . . . . . . . Scanalyzer 11 | . . . 2 . . . . . . . . . . . . . 3 . 6 . . . . . . . . . . . Insert Component 5 | . . . 1 . . . . . . . . . . . . . 2 . 2 . . . . . . . . . . . Analyze 6 | . . . 1 . . . . . . . . . . . . . 1 . 4 . . . . . . . . . . . Garrison Access Hacks 6 | . . . . . . . 1 . . . . . 1 . . . . . 1 . . . . 1 1 . . 1 . . Seal Access 6 | . . . . . . . 1 . . . . . 1 . . . . . 1 . . . . 1 1 . . 1 . . Unauthorized Hacks 21 | . 3 . 4 . . . . 5 1 2 . . . 1 . . . . 1 . . . . 3 1 . . . . . Terminals 21 | . 3 . 4 . . . . 5 1 2 . . . 1 . . . . 1 . . . . 3 1 . . . . . Track 1 | . . . . . . . . 1 . . . . . . . . . . . . . . . . . . . . . . Assimilate 4 | . . . 2 . . . . 1 . . . . . . . . . . . . . . . 1 . . . . . . Botnet 15 | . 3 . 2 . . . . 2 1 2 . . . 1 . . . . 1 . . . . 2 1 . . . . . Operators 1 | . . . . . . . . 1 . . . . . . . . . . . . . . . . . . . . . . Fabricators . | . . . . . . . . . . . . . . . . . . . . . . . . . . . . . . . Repair Stations . | . . . . . . . . . . . . . . . . . . . . . . . . . . . . . . . Recycling Units . | . . . . . . . . . . . . . . . . . . . . . . . . . . . . . . . Scanalyzers . | . . . . . . . . . . . . . . . . . . . . . . . . . . . . . . . Garrison Access . | . . . . . . . . . . . . . . . . . . . . . . . . . . . . . . . Data Cores Recovered 11 | . 1 . 1 . . . . 1 . 1 . . . 1 . . . . . . . . . . 2 1 2 . . 1 Used 3 | . . . . . . . . . . . . . . . . . . . . . . . . . 1 . 1 . . 1 Hacking Detections 71 | . 8 . 7 . . . 3 11 1 8 2 . 1 3 . 3 3 . 7 . 1 . . 3 3 1 3 2 . 1 Full Trace Events 6 | . . . 1 . . . . 2 . 2 . . . . . 1 . . . . . . . . . . . . . . Feedback Events . | . . . . . . . . . . . . . . . . . . . . . . . . . . . . . . . Feedback Blocked . | . . . . . . . . . . . . . . . . . . . . . . . . . . . . . . . Robot Schematics Acquired . | . . . . . . . . . . . . . . . . . . . . . . . . . . . . . . . Robots Built . | . . . . . . . . . . . . . . . . . . . . . . . . . . . . . . . Matter . | . . . . . . . . . . . . . . . . . . . . . . . . . . . . . . . Time . | . . . . . . . . . . . . . . . . . . . . . . . . . . . . . . . Total Robot Build Rating . | . . . . . . . . . . . . . . . . . . . . . . . . . . . . . . . Part Schematics Acquired 18 | . . . 2 . . . 2 1 . 2 . . . 2 . . 2 . 2 . . 4 . . 1 . . . . . Parts Built 14 | . . . . . . . . 2 . . . . . 4 . 2 . . 6 . . . . . . . . . . . Matter 1638 | . . . . . . . . 146 . . . . . 468 . 234 . . 790 . . . . . . . . . . . Time 486 | . . . . . . . . 36 . . . . . 156 . 39 . . 255 . . . . . . . . . . . Total Part Build Rating 98 | . . . . . . . . 6 . . . . . 28 . 14 . . 50 . . . . . . . . . . . Parts Repaired 5 | . . . . . . . . . . . . . . . . . . . 5 . . . . . . . . . . . Time 223 | . . . . . . . . . . . . . . . . . . . 223 . . . . . . . . . . . Parts Recycled . | . . . . . . . . . . . . . . . . . . . . . . . . . . . . . . . Recycled Matter . | . . . . . . . . . . . . . . . . . . . . . . . . . . . . . . . Retrieved Matter . | . . . . . . . . . . . . . . . . . . . . . . . . . . . . . . . Retrieved Components . | . . . . . . . . . . . . . . . . . . . . . . . . . . . . . . . Parts Scanalyzed 3 | . . . 1 . . . . . . . . . . . . . 1 . 1 . . . . . . . . . . . Part Schematics Acquired 2 | . . . 1 . . . . . . . . . . . . . 1 . . . . . . . . . . . . . Parts Damaged 1 | . . . 1 . . . . . . . . . . . . . . . . . . . . . . . . . . . Bothacking | -11 -10 -10 -9 -9 -9 -8 -8 -7 -6 -6 -6 -6 -6 -5 -5 -5 -4 -4 -4 -4 -4 -4 -3 -3 -3 -2 -2 -2 -1 -1 ------------ Run | Scr Mat Min Mat Min Exi Min Mat Fac Fac Ext Cet Arc Hub Fac Was Fac Fac Was Fac Upp Upp Zhi Pro Res Tes Res Qua Sec Acc Com Used RIF Installer . | . . . . . . . . . . . . . . . . . . . . . . . . . . . . . . . Robots Hacked . | . . . . . . . . . . . . . . . . . . . . . . . . . . . . . . . Non-combat . | . . . . . . . . . . . . . . . . . . . . . . . . . . . . . . . Combat . | . . . . . . . . . . . . . . . . . . . . . . . . . . . . . . . Robot Hacks Applied . | . . . . . . . . . . . . . . . . . . . . . . . . . . . . . . . Relay Couplers Released 1 | . . . . . . . . . . . . . . . . . . . . . . . . . . . . . 1 . Machine Destruction 1 | . . . . . . . . . . . . . . . . . . . . . . . . . . . . . 1 . Robots Rewired 1 | . . . . . . . . . . . . . . . . . 1 . . . . . . . . . . . . . Allies Hacked . | . . . . . . . . . . . . . . . . . . . . . . . . . . . . . . . Hacks Repelled . | . . . . . . . . . . . . . . . . . . . . . . . . . . . . . . . Allies | -11 -10 -10 -9 -9 -9 -8 -8 -7 -6 -6 -6 -6 -6 -5 -5 -5 -4 -4 -4 -4 -4 -4 -3 -3 -3 -2 -2 -2 -1 -1 -------- Run | Scr Mat Min Mat Min Exi Min Mat Fac Fac Ext Cet Arc Hub Fac Was Fac Fac Was Fac Upp Upp Zhi Pro Res Tes Res Qua Sec Acc Com Total Allies 72 | . . . . . . . . 1 . 13 5 . . . 19 . 1 . . . . . . 1 . . . 8 . 24 Largest Group 19 | . . . . . . . . 1 . 12 12 12 10 . 19 19 2 . . . . . . 1 . . . 7 1 14 Highest-Rated Group 1488 | . . . . . . . . 26 . 575 718 718 546 . 714 714 89 . . . . . . 10 . . . 1116 1075 1488 Highest-Rated Ally 1075 | . . . . . . . . 26 . 156 147 147 94 . 50 50 56 . . . . . . 10 . . . 1075 1075 1075 Total Orders . | . . . . . . . . . . . . . . . . . . . . . . . . . . . . . . . Ally Attacks 674 | . . . . . . . . . . 51 43 10 8 . 11 142 7 . . . . . . . . . . 106 151 145 Total Damage 26569 | . . . . . . . . . . 2219 952 295 289 . 404 3685 174 . . . . . . . . . . 4293 8091 6167 Kills 136 | . . . . . . . . . . 17 9 4 2 . 1 29 3 . . . . . . . . . . 21 28 22 Allies Corrupted 7 | . . . . . . . . . . . . . 3 . . 3 . . . . . . . . . . . 1 . . Allies Melted . | . . . . . . . . . . . . . . . . . . . . . . . . . . . . . . . Field Lobotomies 2 | . . . . . . . . . . 2 . . . . . . . . . . . . . . . . . . . . Intel | -11 -10 -10 -9 -9 -9 -8 -8 -7 -6 -6 -6 -6 -6 -5 -5 -5 -4 -4 -4 -4 -4 -4 -3 -3 -3 -2 -2 -2 -1 -1 ------- Run | Scr Mat Min Mat Min Exi Min Mat Fac Fac Ext Cet Arc Hub Fac Was Fac Fac Was Fac Upp Upp Zhi Pro Res Tes Res Qua Sec Acc Com Robot Analysis Total 8 | . 1 . 1 . . . . 1 . 1 . . . . . . . . . . . 4 . . . . . . . . Derelict Logs Recovered 5 | . . 2 . 1 . . . . . . . . . . . . . . . 2 . . . . . . . . . . Drone Launches . | . . . . . . . . . . . . . . . . . . . . . . . . . . . . . . . Drone Recoveries . | . . . . . . . . . . . . . . . . . . . . . . . . . . . . . . . Exploration | -11 -10 -10 -9 -9 -9 -8 -8 -7 -6 -6 -6 -6 -6 -5 -5 -5 -4 -4 -4 -4 -4 -4 -3 -3 -3 -2 -2 -2 -1 -1 ------------- Run | Scr Mat Min Mat Min Exi Min Mat Fac Fac Ext Cet Arc Hub Fac Was Fac Fac Was Fac Upp Upp Zhi Pro Res Tes Res Qua Sec Acc Com Turns Passed 16367 | 64 1103 708 999 214 116 163 187 1394 133 530 282 68 280 1005 454 686 404 101 1732 276 200 122 155 671 741 416 707 1373 674 409 Spaces Moved 15984 | 39 527 427 934 409 281 123 320 1689 164 414 178 53 232 829 303 547 276 205 1523 312 264 251 301 716 917 428 915 1418 567 422 Core 4 | 4 . . . . . . . . . . . . . . . . . . . . . . . . . . . . . . Treads 1223 | 35 527 427 234 . . . . . . . . . . . . . . . . . . . . . . . . . . . Legs . | . . . . . . . . . . . . . . . . . . . . . . . . . . . . . . . Wheels . | . . . . . . . . . . . . . . . . . . . . . . . . . . . . . . . Hover 12653 | . . . . . . . . 1418 164 414 178 53 232 829 303 547 276 205 1523 312 264 251 301 716 917 428 915 1418 567 422 Flight 2104 | . . . 700 409 281 123 320 271 . . . . . . . . . . . . . . . . . . . . . . Fastest Speed 32 | 50 160 160 32 32 32 32 32 32 45 45 45 45 45 45 53 100 46 44 44 44 44 44 44 44 44 44 44 44 44 44 Average Speed 58 | 148 160 160 64 32 32 32 32 58 50 45 46 45 45 59 102 102 100 46 44 44 44 44 44 44 44 44 44 46 44 44 Slowest Speed 160 | 160 160 160 160 32 32 32 32 120 116 45 101 45 45 104 103 103 102 102 48 44 48 44 44 44 44 48 44 156 44 44 Overloaded Moves . | . . . . . . . . . . . . . . . . . . . . . . . . . . . . . . . Propulsion Burnouts . | . . . . . . . . . . . . . . . . . . . . . . . . . . . . . . . Robots Hopped 11 | . . . 4 4 . . 3 . . . . . . . . . . . . . . . . . . . . . . . Cave-ins Triggered . | . . . . . . . . . . . . . . . . . . . . . . . . . . . . . . . Exploration Rate (%) 50 | 3 75 93 85 80 62 42 31 45 7 65 67 72 26 24 89 22 5 85 36 54 50 62 55 25 84 17 78 77 19 23 Regions Visited 30 Branch Regions 16 Pre-discovered Areas 3 | . . 2 . . 1 . . . . . . . . . . . . . . . . . . . . . . . . . Known Exits Taken 25 | . 1 1 1 1 1 1 1 1 1 1 1 1 1 . . 1 . . 1 1 1 1 1 1 1 1 1 1 1 . Unknown Exits Taken 1 | 1 . . . . . . . . . . . . . . . . . . . . . . . . . . . . . . Scrap Searched 10 | . . 1 . 2 . . . . . . . . . . . . . . . 2 2 . 3 . . . . . . . Spaces Dug 82 | . . . 4 . . 2 5 4 . 2 3 . . 3 . . . . 16 8 . . . 6 1 1 4 6 17 . Terrain Destroyed 1783 | . . . 75 6 . 5 5 17 7 9 3 . 300 17 6 27 42 . 188 15 8 . 6 224 79 111 72 150 396 15 Melee . | . . . . . . . . . . . . . . . . . . . . . . . . . . . . . . . Projectile 353 | . . . 20 6 . 5 5 12 . 9 3 . 1 17 6 7 5 . 50 15 8 . 6 24 18 9 29 36 47 15 AOE 1430 | . . . 55 . . . . 5 7 . . . 299 . . 20 37 . 138 . . . . 200 61 102 43 114 349 . Terrain Rammed . | . . . . . . . . . . . . . . . . . . . . . . . . . . . . . . . Walls Destroyed . | . . . . . . . . . . . . . . . . . . . . . . . . . . . . . . . Machines Disabled . | . . . . . . . . . . . . . . . . . . . . . . . . . . . . . . . Actions | -11 -10 -10 -9 -9 -9 -8 -8 -7 -6 -6 -6 -6 -6 -5 -5 -5 -4 -4 -4 -4 -4 -4 -3 -3 -3 -2 -2 -2 -1 -1 --------- Run | Scr Mat Min Mat Min Exi Min Mat Fac Fac Ext Cet Arc Hub Fac Was Fac Fac Was Fac Upp Upp Zhi Pro Res Tes Res Qua Sec Acc Com Total 20975 | 43 704 445 1106 475 307 211 376 1931 206 684 356 89 361 1280 412 657 384 210 2353 422 313 262 312 912 1222 612 1082 1845 828 575 Wait 2741 | . 102 10 11 54 23 61 43 77 29 155 123 34 94 380 44 73 78 . 608 82 27 2 5 60 223 123 44 130 10 36 Move 15934 | 38 526 426 925 400 280 122 313 1688 163 413 177 52 231 829 302 546 276 204 1522 311 263 250 300 715 916 427 914 1418 566 421 Hop 11 | . . . 4 4 . . 3 . . . . . . . . . . . . . . . . . . . . . . . Pick Up 37 | . . 1 2 . 2 . . 5 1 . 5 . 1 2 2 . . 2 3 . . 1 . . 1 1 3 2 1 2 Fast Attach 194 | 5 6 2 9 3 . 1 1 17 3 4 5 . . 6 3 2 1 1 22 2 2 4 . 12 23 4 9 34 8 5 Attach 22 | . . . . 1 . . . 4 . 2 3 . . 3 . . 3 1 . . . . . . . . 3 . 1 1 Detach 39 | . 1 . 2 3 . . . 4 1 2 4 . . 3 1 . 2 . 3 . . . . 3 2 . 1 3 3 1 Swap 48 | . . 1 3 . . . . 1 1 . 2 . . 2 3 2 . . 7 . . . . 11 5 3 2 1 1 3 Drop 163 | . 3 2 9 . 2 1 1 13 4 3 8 . 1 6 4 1 1 2 16 2 . 4 . 8 23 4 12 22 5 6 Fire 1114 | . 45 3 116 6 . 17 12 86 4 37 10 3 25 34 20 7 12 . 98 12 13 . 4 66 24 32 89 149 134 56 Melee . | . . . . . . . . . . . . . . . . . . . . . . . . . . . . . . . Ram . | . . . . . . . . . . . . . . . . . . . . . . . . . . . . . . . Kick . | . . . . . . . . . . . . . . . . . . . . . . . . . . . . . . . Crush 2 | . 2 . . . . . . . . . . . . . . . . . . . . . . . . . . . . . Escape Stasis 41 | . . . . . . . . 18 . 9 . . . . . . . . . . . . . . . . 1 1 12 . Rewire 10 | . . . . . . . . . . . . . . 3 . . 5 . . . . 1 . . . . . . . 1 Trap . | . . . . . . . . . . . . . . . . . . . . . . . . . . . . . . . Miscellaneous 619 | . 19 . 25 4 . 9 3 18 . 59 19 . 9 12 33 26 6 . 74 13 8 . 3 37 5 18 4 85 87 43 Route ------- -11/Scrapyard -10/Materials (discovered 4 exits: *Mat x3 / *Min) -10/Mines (discovered 2 exits: *Mat x2) -9/Materials (discovered 4 exits: *Mat x3 / *Min) -9/Mines (discovered 2 exits: *Mat / *Exi) -9/Exiles -8/Mines -8/Materials -7/Factory (discovered 7 exits: *Fac x4 / *Sto / *Low x2) -6/Factory (discovered 2 exits: *Low / *Ext) -6/Extension (discovered 3 exits: *Fac x2 / *Cet) -6/Cetus -6/Archives (discovered 2 exits: Fac / *Hub) -6/Hub_04(d) -5/Factory -5/Waste -5/Factory -4/Factory (discovered 6 exits: Res x4 / Upp x2) -4/Waste -4/Factory (discovered 4 exits: *Res x2 / *Upp x2) -4/Upper Caves -4/Upper Caves -4/Zhirov -3/Proximity Caves -3/Research (discovered 6 exits: Res x3 / *Arm / *Tes x2) -3/Testing -2/Research (discovered 4 exits: Acc x3 / *Qua) -2/Quarantine -2/Section 7 -1/Access -1/Command Tau Ceti IV Orbit History --------- Turn | Location | Event 2 | -11/Scrapyard | Upgraded with Propulsion slot (x1) 2 | -11/Scrapyard | Upgraded with Utility slot (x1) 2 | -11/Scrapyard | Upgraded with Weapon slot (x1) 10 | -11/Scrapyard | Discovered new exit (range 15) 65 | -11/Scrapyard | Entered Materials 134 | -10/Materials | Core integrity fell below 50% 223 | -10/Materials | Discovered new exit (range 12) 312 | -10/Materials | Build established: Mutant 387 | -10/Materials | Discovered new exit (range 16) 631 | -10/Materials | Discovered new exit (range 12) 914 | -10/Materials | Identified exit to Mines 957 | -10/Materials | Discovered new exit (range 9) 1168 | -10/Materials | Entered Mines 1170 | -10/Mines | Reached level 2 1175 | -10/Mines | Received a Rocket Launcher from a helpful Derelict 1349 | -10/Mines | Learned location of Storage (-7) 1628 | -10/Mines | Learned location of 1 exit from Materials 1631 | -10/Mines | Discovered new exit (range 7) 1653 | -10/Mines | Identified exit to Materials 1866 | -10/Mines | Discovered exit to Materials (range 6) 1876 | -10/Mines | Entered Materials 1877 | -9/Materials | Identified exit to Mines 1878 | -9/Materials | Reached level 3 2016 | -9/Materials | Destroyed 7 combat bots 2039 | -9/Materials | Reached level 4 2042 | -9/Materials | Upgraded with Utility slot (x1) 2165 | -9/Materials | Core integrity fell below 50% 2171 | -9/Materials | Reached level 5 2180 | -9/Materials | Discovered new exit (range 16) 2613 | -9/Materials | Discovered new exit (range 16) 2684 | -9/Materials | Reached level 6 2714 | -9/Materials | Discovered new exit (range 5) 2716 | -9/Materials | Identified exit to Materials 2771 | -9/Materials | Build established: Sprinter 2831 | -9/Materials | Reached level 7 2875 | -9/Materials | Entered Mines 2885 | -9/Mines | Found a damaged Exp. Sensor Array with a note attached 2886 | -9/Mines | Found Prototype Device 2886 | -9/Mines | Identified Exp. Sensor Array 2897 | -9/Mines | Discovered exit to Materials (range 11) 2988 | -9/Mines | Assembled infested the area 3063 | -9/Mines | Found a hidden stash of uninstalled traps 3087 | -9/Mines | Deemed a non-threat by the Exiles lab entrance 3087 | -9/Mines | Discovered new exit (range 5) 3088 | -9/Mines | Identified exit to Exiles 3089 | -9/Mines | Entered Exiles 3097 | -9/Exiles | Met 8R-AWN 3103 | -9/Exiles | Met EX-HEX 3112 | -9/Exiles | Met EX-BIN 3136 | -9/Exiles | Reached level 8 3136 | -9/Exiles | Aligned with FarCom system 3136 | -9/Exiles | Given EX-Vault access code 3143 | -9/Exiles | Opened EX-Vault 3147 | -9/Exiles | Found Field Lobotomy Kit 3149 | -9/Exiles | Found Superbattery 3157 | -9/Exiles | Warned to stay clear of 0b10 Research branches 3189 | -9/Exiles | Met EX-DEC 3192 | -9/Exiles | Learned location of Zion (-6) 3201 | -9/Exiles | Discovered new exit (range 14) 3205 | -9/Exiles | Identified exit to Mines 3205 | -9/Exiles | Stole two prototypes: Superbattery, Field Lobotomy Kit 3205 | -9/Exiles | Entered Mines 3282 | -8/Mines | Discovered exit to Materials (range 12) 3326 | -8/Mines | Build established: Scout 3368 | -8/Mines | Entered Materials 3370 | -8/Materials | Reached level 9 3459 | -8/Materials | Reached level 10 3464 | -8/Materials | Upgraded with Propulsion slot (x1) 3464 | -8/Materials | Upgraded with Weapon slot (x1) 3543 | -8/Materials | Discovered new exit (range 5) 3554 | -8/Materials | Identified exit to Factory 3555 | -8/Materials | Entered Factory 3557 | -7/Factory | FarCom data flow suspended 3557 | -7/Factory | Reached level 11 3848 | -7/Factory | Fabricated Airjet (x2) 3869 | -7/Factory | Discovered new exit (range 20) 3908 | -7/Factory | Identified exit to Lower Caves 3960 | -7/Factory | Local fabrication network quarantined 4006 | -7/Factory | Core integrity fell below 50% 4071 | -7/Factory | Garrison activated, responded to threat 4091 | -7/Factory | Reached level 12 4152 | -7/Factory | Build established: Hacker-Scout 4228 | -7/Factory | Upgraded with Utility slot (x1) 4327 | -7/Factory | Discovered new exit (range 13) 4334 | -7/Factory | Identified exit to Factory 4392 | -7/Factory | Discovered exit to Factory (range 9) 4446 | -7/Factory | Discovered new exit (range 15) 4452 | -7/Factory | Identified exit to Storage 4473 | -7/Factory | Core integrity fell below 20% 4572 | -7/Factory | Discovered exit to Factory (range 11) 4624 | -7/Factory | Reached level 13 4724 | -7/Factory | Upgraded with Utility slot (x1) 4726 | -7/Factory | Discovered exit to Factory (range 20) 4949 | -7/Factory | Entered another Factory area 4950 | -6/Factory | Core integrity fell below 50% 4950 | -6/Factory | Core integrity fell below 20% 4951 | -6/Factory | Reached level 14 4951 | -6/Factory | Upgraded with Propulsion slot (x1) 4995 | -6/Factory | Discovered new exit (range 19) 5048 | -6/Factory | Reached level 15 5049 | -6/Factory | Discovered new exit (range 18) 5071 | -6/Factory | Identified exit to Lower Caves 5075 | -6/Factory | Upgraded with Weapon slot (x1) 5082 | -6/Factory | Identified exit to Extension 5082 | -6/Factory | Entered Extension 5246 | -6/Extension | Rescued a captive Derelict 5246 | -6/Extension | Rescued a captive Derelict 5270 | -6/Extension | Reached level 16 5293 | -6/Extension | Upgraded with Utility slot (x1) 5314 | -6/Extension | Rescued A7 5359 | -6/Extension | Spotted B-75 Beast 5364 | -6/Extension | Discovered new exit (range 20) 5364 | -6/Extension | Spotted B-75 Beast 5365 | -6/Extension | Assimilated B-75 Beast with FLK Orb 5368 | -6/Extension | Assimilated B-75 Beast with FLK Orb 5452 | -6/Extension | Rescued a captive Derelict 5454 | -6/Extension | Rescued a captive Derelict 5490 | -6/Extension | Reached level 17 5498 | -6/Extension | Rescued a captive Derelict 5499 | -6/Extension | Rescued a captive Derelict 5504 | -6/Extension | Rescued a captive Derelict 5505 | -6/Extension | Rescued a captive Derelict 5521 | -6/Extension | Rescued a captive Derelict 5522 | -6/Extension | Rescued a captive Derelict 5541 | -6/Extension | Rescued a captive Derelict 5549 | -6/Extension | Discovered new exit (range 17) 5576 | -6/Extension | Discovered new exit (range 10) 5584 | -6/Extension | Identified exit to Cetus 5612 | -6/Extension | Entered Cetus 5612 | -6/Cetus | Accompanied by 9 allies (A7) 5614 | -6/Cetus | Reached level 18 5614 | -6/Cetus | Upgraded with Power slot (x1) 5617 | -6/Cetus | Acquired a Cetus Manufacturing Module code from A7 5619 | -6/Cetus | Spotted Cetus Guard 5620 | -6/Cetus | Spotted Cetus Guard 5620 | -6/Cetus | Destroyed Cetus Guard 5621 | -6/Cetus | Spotted Cetus Guard 5622 | -6/Cetus | Spotted Cetus Guard 5634 | -6/Cetus | Allies destroyed Cetus Guard 5638 | -6/Cetus | Allies destroyed Cetus Guard 5645 | -6/Cetus | Allies destroyed Cetus Guard 5724 | -6/Cetus | Started Cetus Manufacturing Module 5749 | -6/Cetus | Manufactured an Enhanced Grunt 5774 | -6/Cetus | Manufactured an Enhanced Grunt 5777 | -6/Cetus | Found a strange terminal 5799 | -6/Cetus | Manufactured an Enhanced Grunt 5800 | -6/Cetus | Found Prototype Device 5801 | -6/Cetus | Identified Exp. Thermal Shield 5815 | -6/Cetus | Discovered new exit (range 15) 5822 | -6/Cetus | Identified exit to Archives 5824 | -6/Cetus | Manufactured an Enhanced Grunt 5849 | -6/Cetus | Manufactured an Enhanced Grunt 5849 | -6/Cetus | Reached level 19 5894 | -6/Cetus | Entered Archives 5894 | -6/Archives | Accompanied by 12 allies (A7) 5902 | -6/Archives | Discovered new exit (range 20) 5918 | -6/Archives | Unable to access archive contents 5923 | -6/Archives | Unable to access archive contents 5925 | -6/Archives | Discovered new exit (range 15) 5933 | -6/Archives | Identified exit to Hub_04(d) 5962 | -6/Archives | Entered Hub_04(d) 5962 | -6/Hub_04(d) | Accompanied by 10 allies 5968 | -6/Hub_04(d) | Discovered new exit (range 7) 5974 | -6/Hub_04(d) | Identified exit to Factory 5976 | -6/Hub_04(d) | Build established: Scavenger-Scout 6128 | -6/Hub_04(d) | Network Hub disabled 6128 | -6/Hub_04(d) | Network Hub disabled 6145 | -6/Hub_04(d) | Reached level 20 6170 | -6/Hub_04(d) | Spotted Lightning 6174 | -6/Hub_04(d) | Spotted Lightning 6183 | -6/Hub_04(d) | Spotted Lightning 6186 | -6/Hub_04(d) | Spotted Lightning 6190 | -6/Hub_04(d) | Destroyed 8 combat bots 6191 | -6/Hub_04(d) | System corruption reached 10% 6202 | -6/Hub_04(d) | Spotted Lightning 6242 | -6/Hub_04(d) | Entered Factory 6243 | -5/Factory | Core integrity fell below 50% 6350 | -5/Factory | Fabricated Imp. Gyrokinetic Inverter (x2) 6504 | -5/Factory | Reached level 21 6507 | -5/Factory | Upgraded with Utility slot (x1) 6534 | -5/Factory | Local fabrication network quarantined 6647 | -5/Factory | Fabricated Imp. Antigrav System (x2) 7247 | -5/Factory | Sucked down chute 7247 | -5/Factory | Entered Waste 7257 | -5/Waste | Spotted C-40 Crusher 7274 | -5/Waste | Destroyed C-40 Crusher 7276 | -5/Waste | Spotted C-40 Crusher 7287 | -5/Waste | Destroyed C-40 Crusher 7313 | -5/Waste | Spotted C-40 Crusher 7324 | -5/Waste | Destroyed C-40 Crusher 7330 | -5/Waste | Spotted C-40 Crusher 7336 | -5/Waste | Destroyed C-40 Crusher 7348 | -5/Waste | Destroyed C-40 Crusher 7377 | -5/Waste | Warlord forces began an assault 7476 | -5/Waste | Spotted C-40 Crusher 7479 | -5/Waste | Allies destroyed C-40 Crusher 7556 | -5/Waste | Build established: Scavenger-Gunner 7615 | -5/Waste | Discovered new exit (range 16) 7662 | -5/Waste | Found Adv. Powered Armor 7700 | -5/Waste | Identified exit to Factory 7701 | -5/Waste | Entered Factory 7701 | -5/Factory | Accompanied by 19 allies 7892 | -5/Factory | Reached level 22 7893 | -5/Factory | Upgraded with Propulsion slot (x1) 7946 | -5/Factory | Fabricated Imp. Antigrav System (x2) 8001 | -5/Factory | First assault squad dispatched 8011 | -5/Factory | Garrison activated, responded to threat 8189 | -5/Factory | Reached level 23 8323 | -5/Factory | Build established: Machinist-Skirmisher 8340 | -5/Factory | Discovered new exit (range 15) 8357 | -5/Factory | Identified exit to Factory 8387 | -5/Factory | Entered another Factory area 8387 | -4/Factory | Accompanied by 1 ally 8423 | -4/Factory | Identified exit to Research 8452 | -4/Factory | Reached level 24 8455 | -4/Factory | Upgraded with Utility slot (x1) 8512 | -4/Factory | Identified exit to Upper Caves 8791 | -4/Factory | Sucked down chute 8791 | -4/Factory | Entered Waste 8791 | -4/Waste | The area was eerily silent 8863 | -4/Waste | Discovered new exit (range 15) 8892 | -4/Waste | Identified exit to Factory 8892 | -4/Waste | Entered Factory 8961 | -4/Factory | Repaired Broken Enh. Quantum Rifle 8998 | -4/Factory | Repaired Enh. Quantum Rifle 9053 | -4/Factory | Repaired Broken Adv. Powered Armor 9092 | -4/Factory | Repaired Cmb. Linear Gravjet 9301 | -4/Factory | Discovered exit to Upper Caves (range 16) 9328 | -4/Factory | Reached level 25 9343 | -4/Factory | Found Prototype Processor 9343 | -4/Factory | Identified Exp. Targeting Computer 9385 | -4/Factory | Build established: Scavenger-Scout 9406 | -4/Factory | Repaired Broken Enh. Quantum Rifle 9607 | -4/Factory | Fabricated Imp. Linear Gravjet (x2) 9715 | -4/Factory | Fabricated Cmb. Linear Gravjet (x2) 9783 | -4/Factory | Local fabrication network quarantined 9834 | -4/Factory | Fabricated Cmb. Linear Gravjet (x2) 9906 | -4/Factory | Discovered exit to Research (range 15) 10142 | -4/Factory | First assault squad dispatched 10286 | -4/Factory | Discovered exit to Research (range 19) 10387 | -4/Factory | Reached level 26 10428 | -4/Factory | Destroyed 8 combat bots 10529 | -4/Factory | Destroyed 8 combat bots 10624 | -4/Factory | Entered Upper Caves 10694 | -4/Upper Caves | Attracted the attention of an 0b10 checkpoint 10715 | -4/Upper Caves | Learned Research stockpile data 10738 | -4/Upper Caves | Spotted B-86 Titan 10754 | -4/Upper Caves | Destroyed B-86 Titan 10772 | -4/Upper Caves | Encountered a Warlord checkpoint 10796 | -4/Upper Caves | Learned 4 Research zone layouts 10894 | -4/Upper Caves | Discovered new exit (range 16) 10900 | -4/Upper Caves | Identified exit to Upper Caves 10900 | -4/Upper Caves | Entered another Upper Caves area 10911 | -4/Upper Caves | Spotted B-86 Titan 10921 | -4/Upper Caves | Build established: Hacker-Scout 10933 | -4/Upper Caves | Attracted the attention of an 0b10 base 10968 | -4/Upper Caves | Learned 6 Proximity Caves zone layouts 10968 | -4/Upper Caves | Learned Research security intel 10968 | -4/Upper Caves | Learned Factory terminal intel 11003 | -4/Upper Caves | Attracted the attention of an 0b10 checkpoint 11054 | -4/Upper Caves | Discovered new exit (range 20) 11059 | -4/Upper Caves | Spotted P2-D0K(f) 11059 | -4/Upper Caves | Spotted UP-FE5(f) 11060 | -4/Upper Caves | Encountered a Master Thief 11060 | -4/Upper Caves | Encountered a Master Thief 11060 | -4/Upper Caves | Spotted UI-DF8(f) 11060 | -4/Upper Caves | Spotted NX-URB(f) 11061 | -4/Upper Caves | Encountered a Master Thief 11061 | -4/Upper Caves | Encountered a Master Thief 11063 | -4/Upper Caves | Superbattery stolen by Master Thief 11065 | -4/Upper Caves | Quantum Reactor stolen by Master Thief 11067 | -4/Upper Caves | Destroyed UP-FE5(f) 11070 | -4/Upper Caves | Cmb. Linear Gravjet stolen by Master Thief 11074 | -4/Upper Caves | Destroyed UI-DF8(f) 11099 | -4/Upper Caves | Identified exit to Zhirov 11100 | -4/Upper Caves | Entered Zhirov 11100 | -4/Zhirov | Discovered new exit (range 3) 11108 | -4/Zhirov | Met Zhirov 11126 | -4/Zhirov | Zhirov requested help retrieving the SGEMP Prototype 11134 | -4/Zhirov | Found Alien Artifact 11158 | -4/Zhirov | Found Alien Artifact 11158 | -4/Zhirov | Identified Integrated Reactor 11158 | -4/Zhirov | Installed Integrated Reactor, increased core energy generation (+10) 11222 | -4/Zhirov | Identified exit to Proximity Caves 11222 | -4/Zhirov | Entered Proximity Caves 11224 | -3/Proximity Caves | Reached level 27 11252 | -3/Proximity Caves | Upgraded with Utility slot (x1) 11362 | -3/Proximity Caves | Discovered exit to Research (range 19) 11377 | -3/Proximity Caves | Entered Research 11378 | -3/Research | Identified exit to Testing 11379 | -3/Research | Reached level 28 11384 | -3/Research | Discovered new exit (range 14) 11403 | -3/Research | Identified exit to Armory 11508 | -3/Research | Identified exit to Research 11669 | -3/Research | Spotted B-86 Titan 11745 | -3/Research | Destroyed B-86 Titan 11892 | -3/Research | Spotted B-86 Titan 11944 | -3/Research | Reached level 29 11987 | -3/Research | Destroyed 12 combat bots 12015 | -3/Research | Found Exp. Signal Interpreter 12048 | -3/Research | Entered Testing 12050 | -3/Testing | Spotted PX-WK89AGAKZ0 12065 | -3/Testing | Found Prototype Energy Cannon 12065 | -3/Testing | Identified Null Cannon 12093 | -3/Testing | Protovariant out of control (PX-WK89AGAKZ0) 12093 | -3/Testing | Unleashed a protovariant (PX-WK89AGAKZ0) 12105 | -3/Testing | Upgraded with Utility slot (x1) 12118 | -3/Testing | Found Prototype Device 12118 | -3/Testing | Identified AEGIS Remote Shield 12142 | -3/Testing | Found Prototype Launcher 12142 | -3/Testing | Identified Tactical Quantum Warhead 12174 | -3/Testing | Found Prototype Hackware 12174 | -3/Testing | Identified Ghost Barrier 12230 | -3/Testing | Spotted Striker 12234 | -3/Testing | Spotted Striker 12247 | -3/Testing | Found Fusion Bomb Launcher 12256 | -3/Testing | Destroyed Striker 12262 | -3/Testing | Destroyed Striker 12299 | -3/Testing | Found Prototype Device 12299 | -3/Testing | Identified Exp. ECM Suite 12476 | -3/Testing | Found Prototype Energy Gun 12476 | -3/Testing | Identified Hyp. EM Gauss Rifle 12603 | -3/Testing | Scanned by Researcher 12617 | -3/Testing | Found Prototype Energy Gun 12617 | -3/Testing | Identified Tachyon Dispersion Ray 12773 | -3/Testing | Discovered exit to Research (range 12) 12789 | -3/Testing | Entered Research 12791 | -2/Research | Reached level 30 12810 | -2/Research | Identified exit to Access 13064 | -2/Research | First assault squad dispatched 13087 | -2/Research | Reached level 31 13126 | -2/Research | Destroyed 10 combat bots 13186 | -2/Research | Discovered new exit (range 20) 13205 | -2/Research | Identified exit to Quarantine 13205 | -2/Research | Entered Quarantine 13208 | -2/Quarantine | Destroyed 9 combat bots 13219 | -2/Quarantine | Found Alien Artifact 13219 | -2/Quarantine | Identified Core Reset Matrix 13219 | -2/Quarantine | Identified Transdimensional Reconstructor 13219 | -2/Quarantine | Reached level 32 13219 | -2/Quarantine | Used Core Reset Matrix 13223 | -2/Quarantine | Detected hypermatrix surge 13223 | -2/Quarantine | Sensed 14 artifacts in vicinity 13280 | -2/Quarantine | Met incapacitated Sigix Warrior 13280 | -2/Quarantine | Lockdown squad dispatched 13285 | -2/Quarantine | Upgraded with Utility slot (x1) 13290 | -2/Quarantine | Acquired the access code to the Sigix quarantine chamber 13386 | -2/Quarantine | Found Core Cannon 13404 | -2/Quarantine | Found Subatomic Replicator 13407 | -2/Quarantine | Used Subatomic Replicator to replicate Null Cannon 13455 | -2/Quarantine | First assault squad dispatched 13474 | -2/Quarantine | Found Matter Drive 13536 | -2/Quarantine | Destroyed 13 combat bots 13572 | -2/Quarantine | Spotted Fortress 13630 | -2/Quarantine | Core integrity fell below 50% 13736 | -2/Quarantine | Reached level 33 13820 | -2/Quarantine | Destroyed 9 combat bots 13873 | -2/Quarantine | Destroyed Fortress 13878 | -2/Quarantine | Build established: Hacker-Mutant 13909 | -2/Quarantine | Discovered new exit (range 6) 13912 | -2/Quarantine | Identified exit to Section 7 13912 | -2/Quarantine | Entered Section 7 13913 | -2/Section 7 | Sensed 23 artifacts in vicinity 14049 | -2/Section 7 | Spotted S7 Guard 14073 | -2/Section 7 | Destroyed S7 Guard 14081 | -2/Section 7 | Found Core Regenerator 14081 | -2/Section 7 | Used Core Regenerator, restored core integrity (+425) 14095 | -2/Section 7 | Found Integrity Redistributor 14095 | -2/Section 7 | Used Integrity Redistributor, redistributed integrity from core (-85) 14107 | -2/Section 7 | Scanned by Researcher 14126 | -2/Section 7 | Spotted S7 Guard 14135 | -2/Section 7 | Destroyed S7 Guard 14140 | -2/Section 7 | Found Integrated Heat Negator 14140 | -2/Section 7 | Installed Integrated Heat Negator, increased core heat dissipation (+40) 14183 | -2/Section 7 | Intercept squad dispatched 14199 | -2/Section 7 | Spotted Tracker 14200 | -2/Section 7 | Spotted Tracker 14200 | -2/Section 7 | Destroyed Tracker 14210 | -2/Section 7 | Destroyed Tracker 14248 | -2/Section 7 | Destroyed Combat Programmer 14251 | -2/Section 7 | Destroyed Combat Programmer 14339 | -2/Section 7 | Spotted B-90 Cyclops 14352 | -2/Section 7 | Found Integrated Dissipator 14352 | -2/Section 7 | Installed Integrated Dissipator, increased core heat dissipation (+20) 14400 | -2/Section 7 | Found Integrated Reactor 14400 | -2/Section 7 | Installed Integrated Reactor, increased core energy generation (+10) 14452 | -2/Section 7 | Found Integrated Dissipator 14452 | -2/Section 7 | Installed Integrated Dissipator, increased core heat dissipation (+20) 14539 | -2/Section 7 | Spotted S7 Guard 14556 | -2/Section 7 | Destroyed S7 Guard 14578 | -2/Section 7 | Found Core Membrane 14578 | -2/Section 7 | Installed Core Membrane, gained immunity to corruption 14662 | -2/Section 7 | First assault squad dispatched 14662 | -2/Section 7 | Spotted Striker 14662 | -2/Section 7 | Spotted Striker 14679 | -2/Section 7 | Reached level 34 14694 | -2/Section 7 | Found Sigix Quantum Sheargun 14696 | -2/Section 7 | Found Sigix Quantum Sheargun 14730 | -2/Section 7 | Intercept squad dispatched 14744 | -2/Section 7 | Spotted Tracker 14744 | -2/Section 7 | Spotted Tracker 14744 | -2/Section 7 | Spotted Tracker 14749 | -2/Section 7 | Destroyed Tracker 14749 | -2/Section 7 | Destroyed Tracker 14763 | -2/Section 7 | Destroyed Tracker 14776 | -2/Section 7 | Destroyed Combat Programmer 14783 | -2/Section 7 | Destroyed Combat Programmer 14790 | -2/Section 7 | Spotted Combat Programmer 14801 | -2/Section 7 | Destroyed Combat Programmer 14822 | -2/Section 7 | Destroyed 10 combat bots 14858 | -2/Section 7 | Spotted B-99 Colossus 14861 | -2/Section 7 | Destroyed B-99 Colossus 14896 | -2/Section 7 | Found LRC Insulator 14896 | -2/Section 7 | Installed LRC Insulator, gained EM resistance (25) 14923 | -2/Section 7 | Emitted hypermatrix ping 14928 | -2/Section 7 | Assembled emerged from beneath the floor 14935 | -2/Section 7 | High security lockdown imminent 14973 | -2/Section 7 | Activated Sigix Exoskeleton 14973 | -2/Section 7 | Received instructions from Sigix Warrior 15015 | -2/Section 7 | High security lockdown engaged 15016 | -2/Section 7 | Spotted Alpha 7 15020 | -2/Section 7 | Destroyed Alpha 7 15024 | -2/Section 7 | Spotted Alpha 7 15028 | -2/Section 7 | Destroyed Alpha 7 15052 | -2/Section 7 | Build established: Alien-Mutant 15115 | -2/Section 7 | Destroyed 21 combat bots 15143 | -2/Section 7 | Spotted S7 Guard 15149 | -2/Section 7 | Allies destroyed S7 Guard 15156 | -2/Section 7 | Found Integrated Singularity Reactor 15156 | -2/Section 7 | Installed Integrated Singularity Reactor, increased core energy generation (+20) 15163 | -2/Section 7 | Spotted Investigator 15171 | -2/Section 7 | Destroyed Investigator 15185 | -2/Section 7 | Reached level 35 15201 | -2/Section 7 | Destroyed 12 combat bots 15212 | -2/Section 7 | Spotted B-90 Cyclops 15219 | -2/Section 7 | Destroyed B-90 Cyclops 15285 | -2/Section 7 | Spotted Executioner 15285 | -2/Section 7 | Spotted Executioner 15285 | -2/Section 7 | Spotted Executioner 15285 | -2/Section 7 | Entered Access 15285 | -1/Access | Accompanied by 1 ally (Sigix Warrior) 15365 | -1/Access | Spotted Executioner 15365 | -1/Access | Spotted Striker 15368 | -1/Access | Destroyed Striker 15419 | -1/Access | Reached level 36 15445 | -1/Access | Spotted Investigator 15446 | -1/Access | Spotted Striker 15446 | -1/Access | Spotted Executioner 15457 | -1/Access | Destroyed Investigator 15460 | -1/Access | Destroyed Striker 15475 | -1/Access | Allies destroyed Executioner 15488 | -1/Access | Garrison activated, responded to threat 15502 | -1/Access | Build established: Alien-Gunner 15540 | -1/Access | Destroyed 41 combat bots 15557 | -1/Access | Reached level 37 15580 | -1/Access | Destroyed 8 combat bots 15625 | -1/Access | Spotted Striker 15626 | -1/Access | Destroyed Striker 15652 | -1/Access | Destroyed 11 combat bots 15702 | -1/Access | Spotted Investigator 15703 | -1/Access | Destroyed Investigator 15734 | -1/Access | Spotted Executioner 15734 | -1/Access | Spotted Striker 15737 | -1/Access | Destroyed Executioner 15741 | -1/Access | Destroyed Striker 15765 | -1/Access | Destroyed 24 combat bots 15770 | -1/Access | Spotted B-99 Colossus 15775 | -1/Access | Destroyed B-99 Colossus 15788 | -1/Access | Upgraded with Weapon slot (x1) 15791 | -1/Access | Found Fusion Bomb Launcher 15801 | -1/Access | Spotted Executioner 15801 | -1/Access | Spotted Executioner 15807 | -1/Access | Destroyed Executioner 15811 | -1/Access | Destroyed Investigator 15814 | -1/Access | Destroyed Executioner 15817 | -1/Access | Sterilization system engaged 15821 | -1/Access | Spotted Executioner 15828 | -1/Access | Destroyed Executioner 15832 | -1/Access | Spotted B-99 Colossus 15849 | -1/Access | Destroyed 22 combat bots 15851 | -1/Access | Destroyed B-99 Colossus 15870 | -1/Access | Build established: Alien-Scout 15876 | -1/Access | Spotted Executioner 15876 | -1/Access | Spotted Striker 15876 | -1/Access | Spotted Striker 15877 | -1/Access | Spotted Striker 15878 | -1/Access | Destroyed Striker 15881 | -1/Access | Destroyed Striker 15883 | -1/Access | Reached level 38 15883 | -1/Access | Destroyed Executioner 15885 | -1/Access | Destroyed Striker 15885 | -1/Access | Allies destroyed Striker 15887 | -1/Access | Destroyed Executioner 15890 | -1/Access | Destroyed Executioner 15926 | -1/Access | Destroyed 24 combat bots 15954 | -1/Access | Discovered new exit (range 7) 15957 | -1/Access | Identified exit to Command 15959 | -1/Access | Entered Command 15959 | -1/Command | Accompanied by 1 ally (Sigix Warrior) 15977 | -1/Command | Disengaged cave seal 16079 | -1/Command | High security lockdown imminent 16118 | -1/Command | Spotted M Guard 16118 | -1/Command | Spotted M Guard 16118 | -1/Command | Spotted Combat Programmer 16120 | -1/Command | Spotted Combat Programmer 16140 | -1/Command | Allies destroyed Combat Programmer 16143 | -1/Command | Allies destroyed M Guard 16159 | -1/Command | High security lockdown engaged 16174 | -1/Command | Destroyed M Guard 16179 | -1/Command | Destroyed Combat Programmer 16179 | -1/Command | All MAIN.C guards destroyed 16217 | -1/Command | Met MAIN.C 16217 | -1/Command | Received instructions from Sigix Warrior 16233 | -1/Command | 0b10 Conduit disabled 16234 | -1/Command | Allies destroyed MAIN.C Shell 16235 | -1/Command | MAIN.C activated Command garrisons 16260 | -1/Command | Reached level 39 16260 | -1/Command | Allies destroyed MAIN.C 16279 | -1/Command | Found Prototype Protection 16279 | -1/Command | Identified Exp. Powered Armor 16307 | -1/Command | Spotted Executioner 16308 | -1/Command | Spotted Executioner 16311 | -1/Command | Destroyed Executioner 16358 | -1/Command | Discovered new exit (range 17) 16365 | -1/Command | Identified exit to Surface 16368 | *** | Destroyed 0B10! Last Messages --------------- 16315_ P-80 Master Unknown Hover Unit severed. 16317_ P-80 Master destroyed. 16318_ Quantum Shear penetrates Reinforced Barrier. 16318_ Quantum Shear penetrates P-80 Master. 16319_ P-80 Master destroyed. 16333_ Quantum Shear penetrates Wall. 16336_ Synergy achieved. Target locked: W-44 Eye. 16336_ Quantum Shear penetrates W-44 Eye. 16346_ Synergy achieved. Target locked: Y-72 Warden. 16348_ Quantum Shear penetrates Y-72 Warden. 16348_ G-73 Enforcer Unknown Energy Gun severed. 16348_ Y-72 Warden suffers critical hit. 16348_ Y-72 Warden destroyed. 16348_ Quantum Shear penetrates G-73 Enforcer. 16348_ Destroyed Unknown Energy Gun. 16350_ Acquired 79 matter. 16353_ K-01 Serf collects debris. 16353_ Acquired 112 matter. 16358_ EXIT=FOUND 16365_ EXIT=IDENTIFIED: SURFACE Map ----- +----------------------------------------------------+ | ?????????????# "" # ####### #????????# | | ?????????????# ??# !#????## ##???????# | | ????????#????# ????#=%#????# ######### | | ????????# ##+######## #????# T" | | ????????# #????# "" | | ????????# *%[ #????# | | ????????# #????# ######### "" | | ????????# #????#######???????# " | | ????????# ######### #??????????????????# | | ????????## ??????????# #???###########????###### | | ??????????????????????# #??? #?????????? | | ??????????????????????# #?? #?????????? | | ?????????????????????## ##? #?????????? | | ?????????????????????# # "" ??????????? | | ?????????????????????# ! # """" ???????????? | | ?????????????????????# + """" ???????????? | | ?????????????????????# # "" #?????????? | | ?????????????????????## ## #?????????? | | ??????????????????????# #?? #?????????? | | ??????????????????????# #?? #?????????? | | ??????????????????????# #??? #?????????? | | ??????????????????????# #??? #?????????? | | ??????????????????????# #????####+#####?????????? | | ??????????????????????# ###?????????????????????? | | ??????????????????????# X #?????????????????????? | | ??????????????????????# @ #?????????????????????? | | ??????????????????????# #?????????????????????? | | ??????????????????????######?????????????????????? | | ?????????????????????????????????????????????????? | | ?????????????????????????????????????????????????? | | ?????????????????????????????????????????????????? | | ?????????????????????????????????????????????????? | | ?????????????????????????????????????????????????? | | ?????????????????????????????????????????????????? | | ?????????????????????????????????????????????????? | | ?????????????????????????????????????????????????? | | ?????????????????????????????????????????????????? | | ?????????????????????????????????????????????????? | | ?????????????????????????????????????????????????? | | ?????????????????????????????????????????????????? | | ?????????????????????????????????????????????????? | | ?????????????????????????????????????????????????? | | ?????????????????????????????????????????????????? | | ?????????????????????????????????????????????????? | | ?????????????????????????????????????????????????? | | ?????????????????????????????????????????????????? | | ?????????????????????????????????????????????????? | | ?????????????????????????????????????????????????? | | ?????????????????????????????????????????????????? | | ?????????????????????????????????????????????????? | +----------------------------------------------------+ Best States ------------- Heat Dissipation 244 Energy Generation 94 Energy Capacity 2650 Matter Stores 892 Matter Capacity 950 Sight Range 20 Robot Scan Range 28 Terrain Scan Range 20 Terrain Scan Density 610 ECM Strength 5 Jamming Range 12 Power Amplification 30 Additional Mass Support 12 Armor Coverage 800 Resistance: KI 20 Resistance: TH 20 Resistance: EM 25 Weapon Shielding 90 Weapon Cycling 25 Evasion (%) 63 Targeting Accuracy 12 Core Analysis 10 Recoil Reduction 2 Particle Charging 25 Offensive Hacking 10 Defensive Hacking 30 Item Schematics ----------------- None Robot Schematics ------------------ None Fabricated ------------ Airjet | x2 | -7/Factory Imp. Gyrokinetic Inverter | x2 | -5/Factory Imp. Antigrav System | x2 | -5/Factory Imp. Antigrav System | x2 | -5/Factory Imp. Linear Gravjet | x2 | -4/Factory Cmb. Linear Gravjet | x2 | -4/Factory Cmb. Linear Gravjet | x2 | -4/Factory Alien Tech Used ----------------- Integrated Reactor Core Reset Matrix Core Cannon Subatomic Replicator Matter Drive Core Regenerator Integrity Redistributor Integrated Heat Negator Integrated Dissipator Core Membrane Sigix Quantum Sheargun LRC Insulator Integrated Singularity Reactor Achievements -------------- None Challenges ------------ None RPGLIKE | -11 -10 -10 -9 -9 -9 -8 -8 -7 -6 -6 -6 -6 -6 -5 -5 -5 -4 -4 -4 -4 -4 -4 -3 -3 -3 -2 -2 -2 -1 -1 --------- Run | Scr Mat Min Mat Min Exi Min Mat Fac Fac Ext Cet Arc Hub Fac Was Fac Fac Was Fac Upp Upp Zhi Pro Res Tes Res Qua Sec Acc Com Levels Raised 38 | . . 1 5 . 1 . 2 3 2 2 2 . 1 1 . 2 1 . 2 . . . 1 2 . 2 2 2 3 1 XP Earned 60502 | 3000 1190 500 7636 850 350 1350 2240 5357 1570 4414 1594 477 1210 2144 103 2366 1868 97 2573 300 292 152 915 2730 947 2582 2393 2884 4578 1840 XP Spent 55530 | 3000 . 1500 7340 . 1610 . 2900 4375 2825 1700 3050 1700 . 2600 330 1400 2300 . 1950 . . . 3275 . 3050 1000 4955 . 4670 . Upgrades 120 | 12 . 10 21 . 9 . 6 8 7 1 6 3 . 2 1 1 1 . 5 . . . 4 . 2 1 10 . 10 . Power Slot 1 | . . . . . . . . . . . 1 . . . . . . . . . . . . . . . . . . . Propulsion Slot 4 | 1 . . . . . . 1 . 1 . . . . . . 1 . . . . . . . . . . . . . . Utility Slot 10 | 1 . . 1 . . . . 2 . 1 . . . 1 . . 1 . . . . . 1 . 1 . 1 . . . Weapon Slot 4 | 1 . . . . . . 1 . 1 . . . . . . . . . . . . . . . . . . . 1 . Core Integrity 28 | . . . 8 . . . . . 5 . . . . . . . . . . . . . . . . . 9 . 6 . Heat Dissipation 20 | . . 6 2 . 4 . . . . . . 2 . . 1 . . . 5 . . . . . . . . . . . Energy Generation 1 | . . 1 . . . . . . . . . . . . . . . . . . . . . . . . . . . . Energy Storage 1 | . . . 1 . . . . . . . . . . . . . . . . . . . . . . . . . . . Matter Storage 3 | . . . . . . . . . . . . . . . . . . . . . . . 3 . . . . . . . Mass Support 2 | . . 1 . . . . . . . . . . . 1 . . . . . . . . . . . . . . . . Inventory Capacity 4 | . . 1 1 . . . . . . . 1 . . . . . . . . . . . . . . 1 . . . . Sensor Range 14 | 8 . 1 . . . . . 5 . . . . . . . . . . . . . . . . . . . . . . Terrain Scan Density 6 | . . . . . 5 . . 1 . . . . . . . . . . . . . . . . . . . . . . Ranged Accuracy 6 | 1 . . 5 . . . . . . . . . . . . . . . . . . . . . . . . . . . Hack Attack % 2 | . . . . . . . 2 . . . . . . . . . . . . . . . . . . . . . . . Hack Defense % 2 | . . . . . . . 2 . . . . . . . . . . . . . . . . . . . . . . . KI Resistance % 4 | . . . . . . . . . . . 4 . . . . . . . . . . . . . . . . . . . TH Resistance % 4 | . . . . . . . . . . . . . . . . . . . . . . . . . 1 . . . 3 . TH Damage % 4 | . . . 3 . . . . . . . . 1 . . . . . . . . . . . . . . . . . . Protomatter Created 6074 | . 159 . 251 15 . 102 19 159 . 255 . . 312 90 259 59 70 . 1196 151 215 . 21 454 32 206 134 626 1079 210 Integrity Restored 13203 | . 419 . 528 87 . 192 57 363 . 1298 382 . 188 270 765 536 125 . 1509 270 164 . 63 841 96 371 90 1845 1840 904 Core 10666 | . 419 . 528 87 . 192 57 363 . 1196 113 . 188 270 765 37 40 . 1104 137 128 . 63 841 96 325 90 1845 1338 444 Parts 2537 | . . . . . . . . . . 102 269 . . . . 499 85 . 405 133 36 . . . . 46 . . 502 460 Protomatter Decayed 4786 | . 18 . 75 . . 38 . . . 95 191 . 198 . 2 317 25 165 585 55 131 . . 33 85 48 28 41 199 2457 Game ------ Seed LongswordVisualCleaver Manual? 0 Play Time 06:29:50 Cumulative 101.0 hours Start 2022.02.25 @ 21:23:06 End 2022.02.28 @ 23:25:51 Sessions 5 Manual Loads 0 Difficulty Rogue Special Mode Winter2019/RPGLIKE Game No. 73 Rogue 72 Adventurer 1 Explorer 0 Win Type 3 Total 7 Types 3/1/0/2/0/1/0/0/0 Lore% 61 Gallery% 72 Achievement% 71 Wizard Run 0 Options --------- ASCII 0 Keyboard 1 Movement Numpad Keybinds 0 Fullscreen 1 Font 18/Terminus Map View 76x50 Tactical HUD 1 Map Filters NONE Filters NONE Steam 1 RUN: 23bd529f-0409-45f9-8ed6-d7e04278de76